Cogmind - Beta 14 @@@ ROGUE MODE // 2024.09.17 @ 21:13:45 Player: Zaros426 Result: Core destroyed Performance ------------- Evolutions (8) 4000 Regions Visited (33) 6600 Robots Destroyed (422) 2110 Value Destroyed (15665) 15665 Prototype IDs (261) 5220 Alien Tech Used (10) 2000 Bonus (13336) 13336 TOTAL SCORE: 48931 Bonus ------- High Alert Combat Kills 1904 Follower Combat Kills 1883 Entered DSFs 500 Network Hubs Disabled 600 Aligned with FarCom 300 Met Data Miner 300 Used Data Conduit 3000 Met Imprinter 300 Was Imprinted 300 Destroyed Z-Imprinter 1000 Met Zhirov 300 Built Enhanced Grunts 300 A7 Reached Mainframe 300 Met R17 at Cetus 500 Used Core Reset Matrix 3000 Scanned by Researcher 500 Pursued by Intercept 1500 Friendly Fire -3151 Cogmind --------- Core Integrity 0/1450 Matter 270/300 Energy 123/650 System Corruption 0% Temperature Cool (0) Movement Core (450) Ox8 Location -2/Section 7 Parts ------- > --- POWER (3) -------- Micro Antimatter Reactor > --- PROPULSION (6) --- (None) > --- UTILITY (10) ----- Medium Storage Unit Advanced Energy Well Improved Armor Integrity Analyzer Advanced System Shield Microwarp Drive > --- WEAPON (4) ------- (None) > --- INVENTORY (10) --- Light Particle Reactor Advanced Coolant Injector Improved Trap Scanner ECM Suite Improved Focal Shield Enhanced Nova Cannon Heavy Gauss Cannon Peak State ------------ > --- POWER ------------ Particle Reactor Particle Reactor Quantum Reactor > --- PROPULSION ------- Enhanced Armored Heavy Treads Centrium Leg Centrium Leg Centrium Leg Centrium Leg > --- UTILITY ---------- Experimental Heat Sink Large Storage Unit Improved Terrain Scan Processor 0b10 Decoder Chip [Looter] Advanced Targeting Computer Improved Armor Integrity Analyzer Advanced Transmission Jammer Improved Phase Shifter Experimental Focal Shield Hardlight Generator > --- WEAPON ----------- Enhanced Quantum Rifle Enhanced Quantum Rifle Enhanced Quantum Rifle Enhanced Quantum Rifle > --- INVENTORY -------- Centrium Leg Centrium Leg Centrium Leg High-density Centrium Wheel High-density Centrium Wheel Advanced Coolant Injector Advanced Energy Well Improved Trap Scanner Graphene Brace Enhanced Quantum Rifle Hardcell Cannon Hardcell Cannon Heavy Linear Accelerator Improved Plasma Cutter [Rating: 180] Favorites ----------- Power Quantum Reactor Engine Heavy Ion Engine Power Core Nuclear Core Reactor Quantum Reactor Propulsion Improved Treads Treads Improved Treads Leg Centrium Leg Wheel Armored Huge Wheel Hover Unit Zionite Glidesys I Flight Unit Field Propulsion Array Utility Huge Storage Unit Device Structural Scanner Storage Huge Storage Unit Processor Advanced Targeting Computer Hackware Improved Hacking Suite Protection Centrium Medium Armor Plating Artifact Microwarp Drive Weapon Enhanced Autogun Energy Gun Zionite Phaser-S Energy Cannon Neutron Cannon Ballistic Gun Enhanced Autogun Ballistic Cannon AWS/Autocannon Launcher Rocket Launcher Special Weapon Improved Plasma Cutter Impact Weapon Maul Slashing Weapon Sigix Broadsword Piercing Weapon Heavy Pick Special Melee Weapon Improved Datajack Build | -11 -10 -10 -9 -9 -9 -8 -8 -7 -7 -7 -7 -6 -6 -6 -6 -6 -6 -5 -5 -5 -5 -5 -5 -4 -4 -4 -4 -3 -3 -3 -2 -2 -2 ------- Run | Yrd Mat Min Mat Min Exi Min Mat Fac Low Low Dat Pro Fac Low Low Zio Dee Pro Fac Ext Cet Arc Hub Fac Upp Upp Zhi Pro Res DSF Res Qua Sec Slots Evolved 16 | . . . 2 . . . 2 2 . . . . 2 . . . . . 2 . . . . 2 . . . . 2 . 2 . . Power 2 | . . . . . . . . . . . . . . . . . . . . . . . . 1 . . . . . . 1 . . Propulsion 4 | . . . . . . . 1 1 . . . . . . . . . . . . . . . . . . . . 2 . . . . Utility 8 | . . . . . . . 1 1 . . . . 2 . . . . . 2 . . . . 1 . . . . . . 1 . . Weapon 2 | . . . 2 . . . . . . . . . . . . . . . . . . . . . . . . . . . . . . Parts Attached 511 | 7 6 4 42 3 6 . 31 2 5 3 15 19 25 17 10 13 28 15 4 26 13 8 10 8 20 12 8 16 14 39 50 18 14 Power 48 | 1 . 1 2 . . . 1 . . . 1 1 3 3 2 . 2 1 . 5 3 3 . 2 . 1 1 . 2 2 5 4 2 Engine 9 | 1 . 1 2 . . . . . . . . 1 1 1 1 . 1 . . . . . . . . . . . . . . . . Core 12 | . . . . . . . 1 . . . . . 1 2 1 . . 1 . 5 . . . . . . . . 1 . . . . Reactor 27 | . . . . . . . . . . . 1 . 1 . . . 1 . . . 3 3 . 2 . 1 1 . 1 2 5 4 2 Propulsion 109 | 2 2 . 14 2 . . 9 1 . 1 . . 6 4 1 . 5 4 1 9 2 . . 1 4 1 . 5 2 16 11 1 5 Treads 54 | 2 2 . 10 2 . . 9 1 . 1 . . 2 3 1 . 2 4 . 8 2 . . 1 3 . . . . . 1 . . Leg 21 | . . . . . . . . . . . . . . . . . 1 . 1 . . . . . . 1 . . . 14 4 . . Wheel 16 | . . . 4 . . . . . . . . . 4 1 . . . . . 1 . . . . 1 . . 1 2 2 . . . Hover 3 | . . . . . . . . . . . . . . . . . 2 . . . . . . . . . . . . . 1 . . Flight 15 | . . . . . . . . . . . . . . . . . . . . . . . . . . . . 4 . . 5 1 5 Utility 205 | 2 3 . 7 . 2 . 9 1 4 2 5 15 9 8 4 9 11 7 3 7 4 5 8 5 7 6 4 8 6 12 17 8 7 Device 134 | 1 2 . 2 . 1 . 6 1 3 2 4 11 4 7 4 9 3 5 2 5 3 5 3 3 3 5 2 2 5 10 12 7 2 Storage 14 | 1 1 . 1 . . . 1 . . . 1 1 1 . . . 1 . . . . . 2 . . . . . . 1 1 1 1 Processor 15 | . . . . . . . . . 1 . . . 4 1 . . . 1 1 . . . . . 1 1 1 . 1 1 1 . 1 Hackware 8 | . . . . . . . . . . . . . . . . . . . . . . . 2 2 . . . 2 . . 1 . 1 Protection 32 | . . . 4 . 1 . 2 . . . . 3 . . . . 7 1 . 2 1 . 1 . 3 . 1 4 . . 2 . . Artifact 2 | . . . . . . . . . . . . . . . . . . . . . . . . . . . . . . . . . 2 Weapon 149 | 2 1 3 19 1 4 . 12 . 1 . 9 3 7 2 3 4 10 3 . 5 4 . 2 . 9 4 3 3 4 9 17 5 . Energy Gun 25 | 2 . 2 . . . . . . . . . . . 1 . . 5 1 . . . . . . . . . . 1 8 5 . . Energy Cannon 8 | . 1 . 1 . . . . . . . 1 1 2 . . . . . . . . . . . . . . . . . . 2 . Ballistic Gun 57 | . . . 13 1 2 . 12 . 1 . 6 . 1 . 2 2 2 . . 2 2 . 2 . 5 2 2 . . . . . . Ballistic Cannon 29 | . . . 1 . . . . . . . . 1 2 . . . 1 2 . 2 . . . . 3 . . 3 2 . 11 1 . Launcher 5 | . . . 4 . . . . . . . . . . . . . . . . . . . . . . . . . . 1 . . . Special Weapon 12 | . . 1 . . . . . . . . . . 1 . . 1 1 . . 1 2 . . . 1 1 1 . . . 1 1 . Impact Weapon 3 | . . . . . . . . . . . 1 . 1 . . . . . . . . . . . . . . . 1 . . . . Slashing Weapon 1 | . . . . . . . . . . . . . . . . . . . . . . . . . . . . . . . . 1 . Piercing Weapon 5 | . . . . . . . . . . . . . . 1 1 1 1 . . . . . . . . 1 . . . . . . . Special Melee Weapon 4 | . . . . . 2 . . . . . 1 1 . . . . . . . . . . . . . . . . . . . . . Unidentified Prototypes 30 | . . . 3 . 1 . 1 . 1 . . . . . . 2 10 . . . . . . . . 1 2 1 1 . 1 4 2 Corrupted Parts 7 | . . . . . . . . . . . . . . . . . . . . . 3 2 . . . . . 1 . 1 . . . System Corruption 32 | . . . . . . . . . . . . . . . . . . . . . 7 11 . . . . . 6 . 8 . . . Parts Lost 126 | . . 1 3 . . . 10 . 1 . 5 6 5 2 . . 11 1 1 3 . . 11 1 2 1 . 19 . 2 31 1 9 Power 12 | . . . . . . . . . . . . 1 2 1 . . . . . 1 . . 1 . . . . . . . 4 . 2 Propulsion 33 | . . . 1 . . . 3 . 1 . 3 1 1 . . . 2 1 1 . . . 1 . 1 1 . 6 . . 7 . 3 Utility 38 | . . . . . . . 2 . . . . . 1 . . . 4 . . . . . 5 1 1 . . 7 . 2 11 . 4 Weapon 43 | . . 1 2 . . . 5 . . . 2 4 1 1 . . 5 . . 2 . . 4 . . . . 6 . . 9 1 . Highest Loss Streak 17 | . . 1 1 . . . 3 . 1 . 5 3 2 2 . . 4 1 1 2 . . 11 1 2 1 . 16 . 1 17 1 8 To Critical Strikes 1 | . . . . . . . 1 . . . . . . . . . . . . . . . . . . . . . . . . . . Average Slot Usage (%) 83 | . 99 100 99 99 100 100 99 99 92 95 83 63 78 87 91 92 83 82 87 82 79 75 75 58 82 90 87 74 56 95 84 63 68 Engine 3 | . 14 14 10 11 11 11 6 . . . . . . 3 1 6 5 4 . . . . . . . . . . . . . . . Core 1 | . . . . . . . 2 7 7 7 4 . 4 2 5 . . 1 5 4 . . . . . . . . 2 2 . . . Reactor 2 | . . . . . . . . . . . 2 4 . . . . . . . . 4 5 5 10 10 9 10 6 3 6 9 8 12 Treads 13 | . 28 28 18 21 22 22 26 29 23 26 14 1 7 5 13 13 11 23 22 21 14 11 11 5 9 5 5 3 . . 2 . . Wheel 1 | . . . 2 . . . . . . . . . 10 9 6 6 6 . . . . . . . 2 1 . 1 3 . . . . Device 9 | . 13 14 1 . . . 10 22 15 15 14 10 8 7 5 7 4 11 22 11 12 10 9 10 6 8 7 3 12 19 17 22 24 Storage 7 | . 14 14 11 11 11 11 9 7 7 7 7 7 6 6 6 6 6 6 5 5 5 5 5 5 5 5 5 5 4 3 5 4 4 Processor 11 | . . . . . . . . . 6 7 7 7 19 24 26 24 18 19 17 17 17 17 17 15 18 23 27 29 18 18 16 8 4 Protection 4 | . . . 9 11 10 11 7 . . . . 4 3 . . . 4 1 . 4 9 11 10 . 15 8 5 4 . . . . . Energy Gun 1 | . 18 12 . . . . . . . . . . . . 1 . 6 5 5 1 . . . . . . . . 1 15 9 . . Ballistic Gun 18 | . . . 41 43 36 44 35 30 30 30 29 21 1 6 12 22 14 . . 2 4 5 6 . 12 19 17 13 . . . . . Ballistic Cannon 2 | . . . . . . . . . . . . 1 7 6 6 . . 6 5 6 5 5 4 . . . . . 3 2 2 . . Peak Build Rating 180 | 7 10 10 24 23 29 28 45 54 54 53 57 59 87 85 82 84 98 97 107 106 141 141 144 92 122 123 117 118 101 169 180 152 173 Average Rating 66 | 6 9 9 20 22 25 28 40 53 47 47 51 48 72 80 77 78 77 94 105 101 128 140 135 83 112 117 113 92 66 147 155 123 148 On Entrance 72 | . 7 10 10 22 23 28 28 45 54 47 48 54 53 72 78 78 77 92 96 106 102 141 141 60 80 122 116 113 23 101 162 112 152 Naked Turns . | . . . . . . . . . . . . . . . . . . . . . . . . . . . . . . . . . . Heaviest Build 196 | 15 31 31 108 108 108 108 109 102 106 115 124 159 166 133 118 117 175 176 171 187 194 195 196 126 167 155 144 138 138 151 115 69 69 Greatest Support 180 | 40 40 40 40 43 40 40 69 89 89 86 86 20 56 86 58 28 58 114 114 109 160 160 160 80 160 108 80 80 40 180 180 70 71 Greatest Overweight (x) 55 | . 10 . 10 5 2 2 2 1 1 1 6 52 55 4 4 4 6 6 1 11 3 1 1 1 2 1 1 13 34 4 . . 8 Average Overweight (x) 2 | . . . 3 2 2 2 1 1 1 1 3 23 4 2 3 3 3 1 1 1 1 1 . 1 1 1 1 2 6 . . . . Largest Inventory Capacity 25 | 8 15 15 25 25 25 25 25 25 25 25 25 25 25 25 25 25 25 25 25 25 25 25 25 25 25 25 25 25 25 25 15 15 10 Average Capacity 24 | 7 14 15 24 25 25 25 25 25 25 25 25 25 25 25 25 25 25 25 25 25 25 25 25 25 25 25 25 25 25 20 15 12 10 Most Carried 25 | 3 15 15 25 25 25 25 25 25 25 25 25 25 25 25 25 25 25 25 25 25 25 25 25 19 19 25 25 25 15 25 15 15 10 Average Carried 22 | 1 11 14 22 24 24 25 24 23 24 24 23 23 23 24 24 24 24 24 24 24 24 25 24 15 15 21 24 21 10 15 12 10 9 Final Capacity 25 | 8 15 15 25 25 25 25 25 25 25 25 25 25 25 25 25 25 25 25 25 25 25 25 25 25 25 25 25 25 25 15 15 10 10 Final Carried 25 | 3 15 14 25 25 25 25 25 23 25 24 25 22 25 25 25 25 22 25 25 24 25 25 20 15 18 25 25 15 11 15 10 10 7 Class Distribution -------------------- 27% | Gunner 12% | Tank 12% | Skirmisher 12% | Scavenger-Gunner 10% | Scavenger-Tank 6% | Mutant 6% | Scavenger-Skirmisher 3% | Scavenger-Assassin Dominant Class ---------------- Mutant | -10/Materials Mutant | -10/Mines Tank | -9/Materials Tank | -9/Mines Tank | -9/Exiles Skirmisher | -8/Mines Skirmisher | -8/Materials Skirmisher | -7/Factory Gunner | -7/Lower Caves Gunner | -7/Lower Caves Gunner | -7/Data Miner Gunner | -6/Proximity Caves Scavenger-Skirmisher | -6/Factory Scavenger-Assassin | -6/Lower Caves Scavenger-Gunner | -6/Lower Caves Scavenger-Skirmisher | -6/Zion Scavenger-Gunner | -6/Deep Caves Scavenger-Gunner | -5/Proximity Caves Scavenger-Skirmisher | -5/Factory Scavenger-Tank | -5/Extension Scavenger-Tank | -5/Cetus Scavenger-Tank | -5/Archives Scavenger-Tank | -5/Hub_04(d) Scavenger-Mutant | -4/Factory Scavenger-Tank | -4/Upper Caves Scavenger-Gunner | -4/Upper Caves Scavenger-Gunner | -4/Zhirov Scavenger-Gunner | -3/Proximity Caves Derelict-Mutant | -3/Research Gunner | -3/DSF Tank | -2/Research Mutant | -2/Quarantine Alien-Mutant | -2/Section 7 Resources | -11 -10 -10 -9 -9 -9 -8 -8 -7 -7 -7 -7 -6 -6 -6 -6 -6 -6 -5 -5 -5 -5 -5 -5 -4 -4 -4 -4 -3 -3 -3 -2 -2 -2 ----------- Run | Yrd Mat Min Mat Min Exi Min Mat Fac Low Low Dat Pro Fac Low Low Zio Dee Pro Fac Ext Cet Arc Hub Fac Upp Upp Zhi Pro Res DSF Res Qua Sec Matter Collected 14959 | 270 60 40 2469 222 60 125 2523 . 825 174 253 964 338 486 176 89 762 367 57 386 182 375 60 . 591 613 . 215 250 776 690 238 323 Remotely 360 | . . . . . . . . . . . . . . . . . . . . . . . . . . . . . . 360 . . . Salvage Created 18650 | 89 677 132 2815 138 . 161 3804 . 766 120 17 1115 895 956 63 . 447 912 93 1351 38 400 920 . 63 400 . 260 107 643 978 65 225 Parts 896 | 9 39 9 191 10 . 15 199 . 5 2 . 66 42 24 2 . 16 43 5 45 3 22 38 . . 13 . 6 . 30 48 6 8 Haulers Intercepted 14 | . 1 . 5 . . . 6 . 1 . . . . . . . . . . . . . . . . . . . . . . . 1 Recyclers Shooed 6 | . 1 . 3 . . . 1 . . . . . 1 . . . . . . . . . . . . . . . . . . . . Parts Field Recycled . | . . . . . . . . . . . . . . . . . . . . . . . . . . . . . . . . . . Retrieved Matter . | . . . . . . . . . . . . . . . . . . . . . . . . . . . . . . . . . . Parts Self-Destructed 157 | . . . . . . . . . 3 2 . 65 . 15 4 . . 46 . . . . . . . 12 . 10 . . . . . Prevented 6 | . . . . . . . . . . . . . . . . . . . . . . . . . . . . 6 . . . . . Kills | -11 -10 -10 -9 -9 -9 -8 -8 -7 -7 -7 -7 -6 -6 -6 -6 -6 -6 -5 -5 -5 -5 -5 -5 -4 -4 -4 -4 -3 -3 -3 -2 -2 -2 ------- Run | Yrd Mat Min Mat Min Exi Min Mat Fac Low Low Dat Pro Fac Low Low Zio Dee Pro Fac Ext Cet Arc Hub Fac Upp Upp Zhi Pro Res DSF Res Qua Sec Combat Hostiles Destroyed 308 | . 14 5 53 4 . 7 50 . 5 1 1 28 12 7 1 . 13 28 4 24 . 2 5 . 1 12 . 5 . 8 17 1 . Melee 1 | . . . . . . . . . . . . . . . . . . . . . . . . . . . . . . . . 1 . Guns 200 | . 13 3 47 4 . 7 48 . 5 1 1 20 1 3 . . 13 1 1 2 . . . . . 12 . 2 . 4 12 . . Cannons 95 | . 1 2 1 . . . . . . . . 8 10 4 1 . . 27 3 22 . 2 4 . 1 . . 3 . 1 5 . . AOE 11 | . . . 5 . . . 2 . . . . . 1 . . . . . . . . . . . . . . . . 3 . . . Classes Destroyed 24 | 1 7 . 6 1 . 1 . . 1 . . 1 . . . . 1 1 . 1 . . . . . . . . . 2 . . 1 Worker 32 | . 2 . 10 2 . . 14 . . . . . 2 . . . . . . . . . 1 . . . . . . . 1 . . Builder 19 | . 2 . 6 1 . . 4 . . . . . 6 . . . . . . . . . . . . . . . . . . . . Tunneler 9 | 4 . . . 1 . 1 2 . . . . . 1 . . . . . . . . . . . . . . . . . . . . Hauler 14 | . 1 . 5 . . . 6 . 1 . . . . . . . . . . . . . . . . . . . . . . . 1 Recycler 13 | . 1 . 2 . . . 5 . . . . . 3 . . . . . . 1 . . . . . . . . 1 . . . . Mechanic 2 | . . . 1 . . . 1 . . . . . . . . . . . . . . . . . . . . . . . . . . Operator 15 | . . . 2 . . . 3 . . . . . 1 . . . . . . . . 8 1 . . . . . . . . . . Drone 2 | . . . . . . . . . . . . . . . . . . 2 . . . . . . . . . . . . . . . Watcher 21 | . 3 . 5 . . . 5 . . . . . 2 . . . . . . 2 2 . 2 . . . . . . . . . . Swarmer 71 | . 6 3 11 . . 6 4 . . . . 13 3 . 1 . . 8 3 . . . . . . 5 . . . 4 4 . . Grunt 121 | . 8 2 30 . . . 31 . 5 . . 5 2 5 . . . 14 1 7 . . 1 . . 5 . 2 . . 3 . . Brawler 7 | . . . 1 . . . 1 . . . . 3 1 . . . . . . . . . . . . . . 1 . . . . . Duelist 11 | . . . 2 . . . 4 . . . . 1 . . . . . 1 . . . . . . . 1 . 2 . . . . . Protector 7 | . . . 2 . . . 2 . . . . 1 . . . . . . . . . . 2 . . . . . . . . . . Researcher 2 | . . . . . . . . . . . . . . . . . . . . . . . . . . . . . . . . . 2 Sentry 36 | . . . 7 . . . 7 . . 1 . 2 . 1 . . . 1 . 10 . 2 1 . 1 1 . . . . 2 . . Specialist 1 | . . . . . . . . . . . . . . . . . . . . . . . . . . . . . . 1 . . . Hunter 10 | . . . . . . 1 1 . . . . 2 1 . . . . 2 . 1 . . . . . . . . . 2 . . . Programmer 11 | . . . . . . . . . . . . 1 3 1 . . . . . 1 . . . . . . . . . . 4 1 . Heavy 1 | . . . . . . . . . . . . . . . . . . . . . . . . . . . . . . 1 . . . Behemoth 2 | . . . . . . . . . . . . . . . . . . . . 2 . . . . . . . . . . . . . Enhanced Grunt 5 | . . . . . . . . . . . 1 . . . . . . . . . . . 4 . . . . . . . . . . Lightning 1 | . . . . . . . . . . . . . . . . . . . . . . . 1 . . . . . . . . . . Tracker 3 | . . . . . . . . . . . . . 1 . . . . . . . . . . . . . . . . . 2 . . Combat Programmer 3 | . . . . . . . . . . . . . 1 . . . . . . . . . . . . . . . . . 2 . . Z-Light 4 | . . . . . . . . . . . . . . . . . 4 . . . . . . . . . . . . . . . . Decomposer 5 | . . . . . . . . . 3 . . 2 . . . . . . . . . . . . . . . . . . . . . Packrat 4 | . . . . . . . . . 3 1 . . . . . . . . . . . . . . . . . . . . . . . Samaritan 5 | . . . . . . . . . 2 . . . . 1 1 . . . . . . . . . 1 . . . . . . . . Assembled 12 | . . . . 4 . . . . . . . . . . . . 8 . . . . . . . . . . . . . . . . Thug 3 | . . . . . . . . . . . . . . . . . . . . 2 . . 1 . . . . . . . . . . Savage 1 | . . . . . . . . . . . . . . . . . . . . 1 . . . . . . . . . . . . . Butcher 2 | . . . . . . . . . . . . . . . . . . . . 2 . . . . . . . . . . . . . Guerrilla 2 | . . . . . . . . . . . . . . . . . . . . . . . 2 . . . . . . . . . . Best Kill Streak 11 | 1 5 3 9 3 . 4 11 . 5 1 1 7 8 3 1 . 3 7 3 6 1 4 2 . 1 5 . 2 1 5 8 1 1 Combat Bots Only 8 | . 4 3 4 2 . 3 5 . 5 1 1 7 5 3 1 . 3 7 3 5 . 2 2 . 1 5 . 2 . 5 8 1 . Max Kills in Single Turn 5 | 1 1 1 4 1 . 2 4 . 1 1 1 2 5 1 1 . 1 1 2 2 1 1 2 . 1 2 . 1 1 3 2 1 1 Gunslinging 1 | . . . 1 . . 1 1 . . . . 1 . . . . . . . . . . . . . 1 . . . . . . . Exploded 3 | . . . 3 . . . 2 . . . . . 1 . . . . . . . . . . . . . . . . 3 . . . Melee 1 | . . . . . . . . . . . . . . . . . . . . . . . . . . . . . . . . 1 . Uniques/NPCs Destroyed 1 | . . . . . . . . . . . . . . . . . 1 . . . . . . . . . . . . . . . . Z-Imprinter (-6/Deep Caves) Combat | -11 -10 -10 -9 -9 -9 -8 -8 -7 -7 -7 -7 -6 -6 -6 -6 -6 -6 -5 -5 -5 -5 -5 -5 -4 -4 -4 -4 -3 -3 -3 -2 -2 -2 -------- Run | Yrd Mat Min Mat Min Exi Min Mat Fac Low Low Dat Pro Fac Low Low Zio Dee Pro Fac Ext Cet Arc Hub Fac Upp Upp Zhi Pro Res DSF Res Qua Sec Hostile Shots Fired 2233 | . 47 19 149 1 . 23 219 . 45 30 13 136 66 67 7 . 75 48 9 85 . 2 191 9 15 62 . 157 . 46 599 9 104 Missed 631 | . 10 2 45 . . 4 57 . 16 12 2 35 17 15 1 . 29 20 6 30 . . 38 2 2 9 . 36 . 15 199 7 22 Damage Taken 31791 | . 391 196 1442 31 . 209 2628 . 497 84 455 1515 986 600 40 . 1638 416 57 956 96 26 3833 432 313 983 . 3199 . 609 8484 112 1563 Core 4539 | . 53 48 104 . . 20 254 . 72 10 . 175 200 62 23 . 340 66 . 131 . . 434 47 20 28 . 969 . 52 956 25 450 Absorbed by Shields 2205 | . . . . . . . . . . 35 47 226 161 209 13 . 99 69 . 280 63 25 337 . . . . . . 100 364 24 153 Reduced by Siege Mode 59 | . . . . . . . . . . . . . . . . . . . . . . . . . . 55 . . . . 4 . . Redirected to Shielding 47 | . . . . . . . . . . . . . . . . . . 47 . . . . . . . . . . . . . . . Ignored by Resistances 1093 | . . . . . . . . . . . . . . . . . . . . . . . . . . . . . . 265 715 . 113 Regen/Repaired (Parts) 276 | . . . . . . . . . . . . . . . . 145 . . . . . . . . . . . . . . . 22 109 Core Remaining (%) 56 | 100 . 59 . . . 69 53 . . . . 63 . . . . . 18 . . . . 43 . . . . 5 . 96 . . . Volleys Fired 832 | 10 50 18 122 12 . 9 144 . 35 9 8 39 23 16 8 . 62 20 8 41 9 48 17 . 4 18 1 11 . 18 69 3 . Largest 4 | 2 2 2 4 4 . 4 4 . 4 4 4 4 3 3 3 . 4 1 1 1 1 1 3 . 4 4 1 4 . 4 4 1 . Hottest 275 | 100 110 110 169 92 . 92 100 . 100 100 100 100 171 171 156 . 194 60 60 60 35 35 105 . 96 96 5 120 . 275 260 120 . Shots Fired 2583 | 20 101 31 465 48 . 36 574 . 140 36 32 153 71 39 24 . 166 77 16 112 13 56 45 . 10 72 1 32 . 71 139 3 . Gun 2142 | 20 88 13 442 48 . 36 574 . 140 36 32 135 16 16 16 . 161 20 8 32 10 49 22 . 4 72 . 21 . 62 69 . . Cannon 423 | . 13 13 13 . . . . . . . . 18 54 23 8 . 5 57 8 80 3 7 23 . 6 . . 11 . 8 70 3 . Launcher 11 | . . . 10 . . . . . . . . . . . . . . . . . . . . . . . . . . 1 . . . Special 7 | . . 5 . . . . . . . . . . 1 . . . . . . . . . . . . . 1 . . . . . . Kinetic 2181 | . . . 437 48 . 36 574 . 140 36 32 153 60 32 18 . 153 57 8 91 13 56 45 . 10 72 . 32 . 8 70 . . Thermal 340 | 20 101 31 18 . . . . . . . . . 10 7 6 . 13 . . . . . . . . . . . . 62 69 3 . Explosive 10 | . . . 10 . . . . . . . . . . . . . . . . . . . . . . . . . . . . . . Electromagnetic 1 | . . . . . . . . . . . . . . . . . . . . . . . . . . . . . . 1 . . . Phasic 49 | . . . . . . . . . . . . . . . . . . 20 8 21 . . . . . . . . . . . . . Robot Hit Streak 31 | 4 8 9 13 5 . 6 13 . 11 21 8 22 21 12 4 . 7 26 7 25 2 10 11 . 9 31 3 19 . 18 16 . . Robot Miss Streak 10 | 2 3 1 6 10 . 2 5 . 3 4 1 5 2 1 4 . 8 1 1 2 1 2 2 . 1 5 . 3 . 3 4 . . Penetration Max 1 | . . . . . . . . . . . . . . . . . . . . 1 . 1 1 . . . . . . . . . . Secondary Targets 47 | . 1 . 8 . . 2 15 . 3 . . 7 . . . . 3 . . . . . . . . 6 . 1 . 1 . . . Max Gunslinging Chain 1 | . 1 . 1 . . 1 1 . 1 . . 1 . . . . 1 . . . . . . . . 1 . 1 . 1 . . . Autonomous 210 | . . . . . . . . . . . . 18 22 . . . 5 53 8 71 3 7 23 . . . . . . . . . . Shots Hit Robots 1565 | 10 58 19 219 18 4 17 332 . 82 26 26 106 54 46 10 . 87 64 10 98 3 43 24 . 7 63 1 24 1 51 55 2 5 Core Hits 782 | 4 32 6 128 11 . 10 153 . 29 5 13 46 31 20 4 . 28 28 3 31 1 20 28 . 5 58 . 26 . 29 31 1 1 Critical Kills 6 | . . . . . . . . . 1 . . . . . . . 1 . . 1 . 3 . . . . . . . . . . . Critical Parts Destroyed 20 | . . . . . . . 4 . . . 1 1 1 . . . 1 . . 3 . 5 2 . 1 . . . . 1 . . . Critical Strikes 51 | . 3 . . . . . 4 . 1 . 1 3 5 2 . . 2 5 2 7 . 9 3 . 1 . . . . 1 1 1 . Burn 3 | . 3 . . . . . . . . . . . . . . . . . . . . . . . . . . . . . . . . Destroy 24 | . . . . . . . 4 . 1 . . 1 . . . . 2 . . 4 . 8 2 . 1 . . . . 1 . . . Blast 16 | . . . . . . . . . . . . 2 4 . . . . 4 2 1 . 1 1 . . . . . . . 1 . . Smash 2 | . . . . . . . . . . . 1 . 1 . . . . . . . . . . . . . . . . . . . . Sever 1 | . . . . . . . . . . . . . . . . . . . . . . . . . . . . . . . . 1 . Impale 2 | . . . . . . . . . . . . . . 2 . . . . . . . . . . . . . . . . . . . Intensify 3 | . . . . . . . . . . . . . . . . . . 1 . 2 . . . . . . . . . . . . . Melee Attacks 73 | . . . . . 4 . . . . . 2 4 9 17 . 5 3 . . . . . . . . 6 . . 9 . . 2 12 Impact 19 | . . . . . . . . . . . 1 . 9 . . . . . . . . . . . . . . . 9 . . . . Slashing 14 | . . . . . . . . . . . . . . . . . . . . . . . . . . . . . . . . 2 12 Piercing 31 | . . . . . . . . . . . . . . 17 . 5 3 . . . . . . . . 6 . . . . . . . Sneak Attacks 17 | . . . . . 4 . . . . . 2 4 1 3 . . . . . . . . . . . . . . 1 . . . 2 Combat Hostiles . | . . . . . . . . . . . . . . . . . . . . . . . . . . . . . . . . . . Follow-up Attacks . | . . . . . . . . . . . . . . . . . . . . . . . . . . . . . . . . . . Damage Inflicted 51153 | 125 776 280 4267 292 . 291 6345 . 1509 459 460 2977 3554 2027 270 . 1709 4730 847 7245 190 1892 2987 4 198 1565 . 750 101 2046 2368 198 691 Guns 24580 | 125 649 140 3545 292 . 291 5778 . 1509 459 406 1464 237 279 138 . 1496 468 72 911 22 1235 187 . 86 1565 . 521 . 1550 1155 . . Cannons 20587 | . 127 140 71 . . . . . . . . 1513 2428 615 132 . 213 4262 775 6334 168 657 1418 . 112 . . 223 . 196 1203 . . Explosions 3657 | . . . 651 . . . 567 . . . . . 705 52 . . . . . . . . 1382 . . . . . . 300 . . . Melee 2309 | . . . . . . . . . . . 54 . 184 1081 . . . . . . . . . . . . . . 101 . . 198 691 Ramming 20 | . . . . . . . . . . . . . . . . . . . . . . . . 4 . . . 6 . . 10 . . Kinetic 38994 | . . . 3479 292 . 291 5778 . 1509 459 406 2977 2284 648 180 . 1428 4262 775 6633 190 1892 1605 . 198 1565 . 744 . 196 1203 . . Thermal 5589 | 125 776 280 137 . . . 454 . . . . . 443 298 90 . 281 . . . . . . . . . . . . 1550 1155 . . Explosive 1407 | . . . 651 . . . 113 . . . . . 643 . . . . . . . . . . . . . . . . . . . . Electromagnetic 1682 | . . . . . . . . . . . . . . . . . . . . . . . 1382 . . . . . . 300 . . . Impact 339 | . . . . . . . . . . . 54 . 184 . . . . . . . . . . . . . . . 101 . . . . Slashing 889 | . . . . . . . . . . . . . . . . . . . . . . . . . . . . . . . . 198 691 Piercing 1081 | . . . . . . . . . . . . . . 1081 . . . . . . . . . . . . . . . . . . . Phasic 1152 | . . . . . . . . . . . . . . . . . . 468 72 612 . . . . . . . . . . . . . Highest Corruption 44 | . 3 3 . . . . 2 . . . . 2 7 7 . . 11 11 . 2 9 20 38 . . . . 11 . 12 43 44 44 Average Corruption 6 | . 2 3 . . . . 2 . . . . 2 4 7 . . 11 11 . 1 5 10 18 . . . . 10 . 5 22 43 44 Corruption Purged 20 | . . . . . . . . . . . . . . . . . . . . . . 20 . . . . . . . . . . . Corruption Blocked . | . . . . . . . . . . . . . . . . . . . . . . . . . . . . . . . . . . Effects 356 | . 16 9 . . . . 18 . . . . 43 8 5 . . 13 100 . 9 20 23 10 . . . . 19 . 9 30 21 3 Message Errors 74 | . 6 . . . . . 4 . . . . 8 2 2 . . 4 21 . 1 3 3 1 . . . . 5 . 1 6 7 . Matter Fused 82 | . . 2 . . . . 4 . . . . 12 3 2 . . 3 22 . 2 5 7 1 . . . . 8 . 3 5 3 . Heat Flow Errors 46 | . 1 1 . . . . 3 . . . . 6 1 1 . . 1 15 . 3 5 1 1 . . . . 1 . . 1 4 1 Energy Discharges 45 | . 5 2 . . . . 3 . . . . 8 1 . . . 2 10 . . 2 1 3 . . . . 2 . 2 1 1 2 Parts Rejected 2 | . . . . . . . . . . . . . . . . . . . . . . . . . . . . . . . 2 . . Parts Fused 2 | . . . . . . . . . . . . . . . . . . 2 . . . . . . . . . . . . . . . Data Loss (minor) 52 | . 3 2 . . . . 1 . . . . 6 . . . . 3 20 . . 3 5 . . . . . 1 . 1 4 3 . Data Loss (major) 17 | . . . . . . . 3 . . . . 2 . . . . . 4 . 2 1 2 2 . . . . . . 1 . . . Misfires 10 | . 1 1 . . . . . . . . . . 1 . . . . 4 . . 1 2 . . . . . . . . . . . Alerts 7 | . . 1 . . . . . . . . . 1 . . . . . 2 . 1 . 1 1 . . . . . . . . . . Misdirections 13 | . . . . . . . . . . . . . . . . . . . . . . . . . . . . 1 . 1 8 3 . Weapon Failures 6 | . . . . . . . . . . . . . . . . . . . . . . 1 1 . . . . 1 . . 3 . . Overload Shots . | . . . . . . . . . . . . . . . . . . . . . . . . . . . . . . . . . . Overflow Damage 3288 | . 17 1 18 . . . 129 . . . . 57 344 675 12 . . 561 104 804 44 . 191 . . . . . 41 . 4 . 286 Projectiles 1941 | . 17 1 . . . . . . . . . 57 227 9 12 . . 561 104 804 44 . 101 . . . . . . . 4 . . Explosions 258 | . . . 18 . . . 129 . . . . . 21 . . . . . . . . . 90 . . . . . . . . . . Melee 1089 | . . . . . . . . . . . . . 96 666 . . . . . . . . . . . . . . 41 . . . 286 Knockbacks 77 | . . . . . . . . . . . . 2 8 4 2 . . 15 5 18 . . 7 . . . . . 1 1 14 . . Impact 2 | . . . . . . . . . . . . . 1 . . . . . . . . . . . . . . . 1 . . . . Kinetic 68 | . . . . . . . . . . . . 2 6 4 2 . . 13 5 14 . . 7 . . . . . . 1 14 . . Secondary 7 | . . . . . . . . . . . . . 1 . . . . 2 . 4 . . . . . . . . . . . . . Self-Inflicted Damage 402 | . . . 47 . . . . . . . . . . 42 . . . . . . . . 283 . . . . 3 . 27 . . . Shots 8 | . . . 2 . . . . . . . . . . 1 . . . . . . . . 3 . . . . . . 2 . . . Rammed 3 | . . . . . . . . . . . . . . . . . . . . . . . . 1 . . . 2 . . . . . Targets Rammed 4 | . . . . . . . . . . . . . . . . . . . . . . . . 1 . . . 2 . . 1 . . Kicked 1 | . . . . . . . . . . . . . . . . . . . . . . . . . . . . . . . 1 . . Crushed . | . . . . . . . . . . . . . . . . . . . . . . . . . . . . . . . . . . Highest Temperature 375 | 117 217 96 308 181 . 157 327 . 135 140 165 375 320 243 218 . 240 274 7 246 207 208 177 . 135 241 . 149 . 114 122 214 200 Average Temperature 79 | 44 42 29 91 56 . 70 77 . 50 59 62 132 97 96 77 . 100 82 4 34 83 98 63 . 58 82 . 30 . 47 38 91 112 Received Heat Transfer 4674 | . 138 75 537 . . . 1170 . 261 26 . 235 36 206 . . 293 66 18 138 . . 180 . 36 196 . 557 . . 417 . 89 Effects 1 | . . . . . . . 1 . . . . . . . . . . . . . . . . . . . . . . . . . . Damage (minor) 1 | . . . . . . . 1 . . . . . . . . . . . . . . . . . . . . . . . . . . Siege Activations 4 | . . . . . . . . . . . . . . . . . . . . . . . . . 1 2 . . . . 1 . . Total Turns 63 | . . . . . . . . . . . . . . . . . . . . . . . . . 5 43 . . . . 15 . . Longest Duration 23 | . . . . . . . . . . . . . . . . . . . . . . . . . 5 23 . . . . 15 . . Robots Corrupted 10 | . . . . . . . . . . . . . 2 . . . . . . . . . 7 . . . . . 1 . . . . Combat Hostiles 1 | . . . . . . . . . . . . . . . . . . . . . . . 1 . . . . . . . . . . Parts Fried 19 | . . . . . . . . . . . . . 3 . . . . . . . . . 14 . . . . . 1 1 . . . Impact Corruptions 8 | . . . . . . . . . . . 1 . 4 . . . . . . 1 . . . . . . . . 2 . . . . Robots Melted . | . . . . . . . . . . . . . . . . . . . . . . . . . . . . . . . . . . Combat Hostiles . | . . . . . . . . . . . . . . . . . . . . . . . . . . . . . . . . . . Parts Melted 16 | 2 7 1 . . . . . . . . . . . . . . . . . . . . . . . . . . . 3 3 . . Heat Transferred 7617 | 370 2405 703 333 . . . 250 . . . . . 50 50 200 . 296 . . . . . . . . . . . . 1739 1221 . . Parts Sabotaged 2 | . . . . . . . . . . . . . . . . . . . . . . . . . . . . 2 . . . . . Parts Stolen 6 | . . . . . . . . . . 2 . . . . 2 . . . . . . . . . . 2 . . . . . . . Parts Stripped . | . . . . . . . . . . . . . . . . . . . . . . . . . . . . . . . . . . Power Chain Reactions 1 | . . . . . . . . . . . . . . 1 . . . . . . . . . . . . . . . . . . . Alert | -11 -10 -10 -9 -9 -9 -8 -8 -7 -7 -7 -7 -6 -6 -6 -6 -6 -6 -5 -5 -5 -5 -5 -5 -4 -4 -4 -4 -3 -3 -3 -2 -2 -2 ------- Run | Yrd Mat Min Mat Min Exi Min Mat Fac Low Low Dat Pro Fac Low Low Zio Dee Pro Fac Ext Cet Arc Hub Fac Upp Upp Zhi Pro Res DSF Res Qua Sec Peak Influence 1449 | 20 294 75 1050 414 . 175 1243 564 . . . . 683 . . . . . 140 377 547 408 1449 719 . . . . 21 248 610 480 472 Initial 690 | . 13 4 21 409 . . . 564 . . . . 250 . . . . . 34 24 210 144 30 690 . . . . . 19 139 315 270 Average 373 | 9 145 52 634 164 . 77 831 564 . . . . 362 . . . . . 36 130 357 240 572 704 . . . . 9 142 376 385 385 Maximum Alert Level 4 | . 1 . 3 2 . . 4 2 . . . . 2 . . . . . . 1 2 2 4 3 . . . . . 1 2 2 2 Low Security (%) 38 | 100 71 100 4 53 . 100 6 . . . . . 32 . . . . . 100 72 . 19 50 . . . . . 100 60 11 . . Level 1 24 | . 28 . 16 23 . . 4 . . . . . 32 . . . . . . 27 96 77 . . . . . . . 39 38 61 56 Level 2 18 | . . . 39 23 . . 20 100 . . . . 35 . . . . . . . 3 3 . 40 . . . . . . 49 38 43 Level 3 14 | . . . 38 . . . 47 . . . . . . . . . . . . . . . 21 59 . . . . . . . . . Level 4 3 | . . . . . . . 21 . . . . . . . . . . . . . . . 28 . . . . . . . . . . Level 5 . | . . . . . . . . . . . . . . . . . . . . . . . . . . . . . . . . . . High Security . | . . . . . . . . . . . . . . . . . . . . . . . . . . . . . . . . . . Max Security . | . . . . . . . . . . . . . . . . . . . . . . . . . . . . . . . . . . Sterilizations 3 | . . . 1 . . . 1 . . . . . . . . . . . . . . . . . . . . . . 1 . . . Squads Dispatched 53 | . 3 . 7 . . . 11 . . . . 1 6 . . . . 1 1 2 . . 5 1 . . . 1 . 1 7 1 5 Investigation 13 | . 3 . 1 . . . 3 . . . . . . . . . . . 1 2 . . 2 . . . . . . . . 1 . Extermination 4 | . . . . . . . . . . . . . 2 . . . . . . . . . . . . . . . . . 2 . . Reinforcement 11 | . . . 2 . . . 2 . . . . . 2 . . . . . . . . . . 1 . . . . . 1 1 . 2 Assault 14 | . . . 4 . . . 3 . . . . 1 . . . . . 1 . . . . 3 . . . . 1 . . 1 . . Garrison 3 | . . . . . . . 3 . . . . . . . . . . . . . . . . . . . . . . . . . . Intercept 8 | . . . . . . . . . . . . . 2 . . . . . . . . . . . . . . . . . 3 . 3 Searches Triggered . | . . . . . . . . . . . . . . . . . . . . . . . . . . . . . . . . . . Construction Impeded 1 | . . . . . . . . . . . . . 1 . . . . . . . . . . . . . . . . . . . . Haulers Reinforced . | . . . . . . . . . . . . . . . . . . . . . . . . . . . . . . . . . . Active Scanning Responses . | . . . . . . . . . . . . . . . . . . . . . . . . . . . . . . . . . . Cargo Convoy Interrupts . | . . . . . . . . . . . . . . . . . . . . . . . . . . . . . . . . . . Stealth | -11 -10 -10 -9 -9 -9 -8 -8 -7 -7 -7 -7 -6 -6 -6 -6 -6 -6 -5 -5 -5 -5 -5 -5 -4 -4 -4 -4 -3 -3 -3 -2 -2 -2 --------- Run | Yrd Mat Min Mat Min Exi Min Mat Fac Low Low Dat Pro Fac Low Low Zio Dee Pro Fac Ext Cet Arc Hub Fac Upp Upp Zhi Pro Res DSF Res Qua Sec Distress Signals 22 | . 1 2 3 2 . . 3 . . . . . 1 . . . . 1 . . . . 3 1 . . . . . . 3 2 . Communications Jammed 4 | . . . . . . . . . . . . . . . . . . . . . . . . . . . . . . 1 3 . . Distress Signals 3 | . . . . . . . . . . . . . . . . . . . . . . . . . . . . . . . 3 . . Times Spotted 537 | . 23 5 83 4 . 7 69 . 5 4 4 29 18 10 4 . 16 34 8 29 6 28 21 4 1 17 . 18 . 12 49 8 21 Peak Tracking Total 15 | . 6 3 5 1 . 3 5 . 5 3 4 8 4 4 2 . 3 7 4 5 3 1 15 3 1 5 . 11 . 5 13 5 10 Tactical Retreats 48 | . 3 . 6 . . . 7 . . . . 2 2 1 . . . 1 3 . . . 2 . . . . . . 3 11 3 4 Traps | -11 -10 -10 -9 -9 -9 -8 -8 -7 -7 -7 -7 -6 -6 -6 -6 -6 -6 -5 -5 -5 -5 -5 -5 -4 -4 -4 -4 -3 -3 -3 -2 -2 -2 ------- Run | Yrd Mat Min Mat Min Exi Min Mat Fac Low Low Dat Pro Fac Low Low Zio Dee Pro Fac Ext Cet Arc Hub Fac Upp Upp Zhi Pro Res DSF Res Qua Sec Traps Triggered 12 | . 4 . 1 1 . . 1 . . . . . . . . . . . . 3 . . 1 . . . . . . . . 1 . Indirectly . | . . . . . . . . . . . . . . . . . . . . . . . . . . . . . . . . . . Trap Hack Attempts . | . . . . . . . . . . . . . . . . . . . . . . . . . . . . . . . . . . Triggered . | . . . . . . . . . . . . . . . . . . . . . . . . . . . . . . . . . . Disarmed . | . . . . . . . . . . . . . . . . . . . . . . . . . . . . . . . . . . Reprogrammed . | . . . . . . . . . . . . . . . . . . . . . . . . . . . . . . . . . . Reused . | . . . . . . . . . . . . . . . . . . . . . . . . . . . . . . . . . . Traps Extracted . | . . . . . . . . . . . . . . . . . . . . . . . . . . . . . . . . . . Installed . | . . . . . . . . . . . . . . . . . . . . . . . . . . . . . . . . . . Triggered 5 | . . . . . . . . . . . . . . 1 . . . 2 . . . . . . 1 . . 1 . . . . . Objects Rigged 4 | . . . . . . . 4 . . . . . . . . . . . . . . . . . . . . . . . . . . Exploded 2 | . . . . . . . 2 . . . . . . . . . . . . . . . . . . . . . . . . . . Machines | -11 -10 -10 -9 -9 -9 -8 -8 -7 -7 -7 -7 -6 -6 -6 -6 -6 -6 -5 -5 -5 -5 -5 -5 -4 -4 -4 -4 -3 -3 -3 -2 -2 -2 ---------- Run | Yrd Mat Min Mat Min Exi Min Mat Fac Low Low Dat Pro Fac Low Low Zio Dee Pro Fac Ext Cet Arc Hub Fac Upp Upp Zhi Pro Res DSF Res Qua Sec Machines Disabled 98 | . . . 6 . . . 10 . . . . . 25 . . 3 3 1 . 5 2 4 29 . 1 1 . . . . 1 5 2 Max in Single Turn 13 | . . . 2 . . . 5 . . . . . 9 . . 1 1 1 . 1 1 1 13 . 1 1 . . . . 1 1 1 Garrison Access 3 | . . . . . . . 1 . . . . . 1 . . . . . . . . . 1 . . . . . . . . . . Network Hub 3 | . . . . . . . . . . . . . . . . . . . . . . . 3 . . . . . . . . . . Machines Repaired . | . . . . . . . . . . . . . . . . . . . . . . . . . . . . . . . . . . Machines Dismantled 10 | . . . . . . . . . . . . . . . . 3 1 . . 1 1 . . . 1 1 . . . . . 2 . Machines Sabotaged . | . . . . . . . . . . . . . . . . . . . . . . . . . . . . . . . . . . Overloaded Fab Kills . | . . . . . . . . . . . . . . . . . . . . . . . . . . . . . . . . . . Hacking | -11 -10 -10 -9 -9 -9 -8 -8 -7 -7 -7 -7 -6 -6 -6 -6 -6 -6 -5 -5 -5 -5 -5 -5 -4 -4 -4 -4 -3 -3 -3 -2 -2 -2 --------- Run | Yrd Mat Min Mat Min Exi Min Mat Fac Low Low Dat Pro Fac Low Low Zio Dee Pro Fac Ext Cet Arc Hub Fac Upp Upp Zhi Pro Res DSF Res Qua Sec Machines Accessed 83 | . 7 1 9 2 2 . 9 . . . 4 . 5 1 1 . . . 1 8 2 . 3 1 1 1 9 . 1 . 3 10 2 Terminals 49 | . 5 1 6 1 . . 6 . . . . . 3 1 . . . . . 8 2 . 2 1 . . . . 1 . 3 7 2 Fabricators 2 | . . . . . . . . . . . . . 1 . . . . . 1 . . . . . . . . . . . . . . Repair Stations . | . . . . . . . . . . . . . . . . . . . . . . . . . . . . . . . . . . Recycling Units 6 | . 2 . 2 . . . 2 . . . . . . . . . . . . . . . . . . . . . . . . . . Scanalyzers 4 | . . . 1 . . . 1 . . . . . . . . . . . . . . . . . . . . . . . . 2 . Garrison Access 3 | . . . . . . . . . . . . . 1 . . . . . . . . . 1 . . . . . . . . 1 . Total Hacks 264 | . 22 1 27 3 24 . 21 . . . 26 . 7 1 1 . . . 1 15 5 . 8 15 1 1 44 . 1 . 12 22 6 Successful 167 | . 10 1 15 2 24 . 12 . . . 26 . 2 1 1 . . . 1 4 3 . 4 5 1 1 44 . 1 . 3 5 1 Failed 96 | . 11 . 12 1 . . 9 . . . . . 5 . . . . . . 11 2 . 4 10 . . . . . . 9 17 5 Catastrophic 24 | . 4 . 1 . . . 2 . . . . . 2 . . . . . . 3 . . . 3 . . . . . . 2 5 2 Database Lockouts 1 | . 1 . . . . . . . . . . . . . . . . . . . . . . . . . . . . . . . . Manual 86 | . 22 2 14 1 1 . 21 . . . . . 1 . . . . . 1 . 1 1 6 9 . . 1 . . . . 5 . Terminals 136 | . 18 1 19 2 . . 18 . . . . . 5 1 . . . . . 15 5 . 7 15 . . . . 1 . 12 11 6 Fabricators 2 | . . . . . . . . . . . . . 1 . . . . . 1 . . . . . . . . . . . . . . Repair Stations . | . . . . . . . . . . . . . . . . . . . . . . . . . . . . . . . . . . Recycling Units 8 | . 4 . 2 . . . 2 . . . . . . . . . . . . . . . . . . . . . . . . . . Scanalyzers 12 | . . . 6 . . . 1 . . . . . . . . . . . . . . . . . . . . . . . . 5 . Garrison Access 8 | . . . . . . . . . . . . . 1 . . . . . . . . . 1 . . . . . . . . 6 . Terminal Hacks 136 | . 4 1 4 2 24 . 2 . . . 26 . 1 1 1 . . . . 4 3 . 3 5 1 1 44 . 1 . 3 4 1 Record 85 | . . . . . 23 . . . . . 11 . . 1 . . . . . 1 3 . 1 1 . 1 36 . . . 2 4 1 Part Schematic 13 | . . . . . . . . . . . 9 . . . . . . . . . . . . . . . 4 . . . . . . Robot Schematic 5 | . 2 . . . . . . . . . 3 . . . . . . . . . . . . . . . . . . . . . . Robot Analysis 5 | . 1 1 1 . . . 2 . . . . . . . . . . . . . . . . . . . . . . . . . . Prototype ID Bank 8 | . . . . . . . . . . . 3 . . . . . . . . . . . . 1 . . 4 . . . . . . Open Door 7 | . . . . 1 . . . . . . . . . . 1 . . . . 3 . . . . 1 . . . . . 1 . . Open DSF 1 | . . . . . . . . . . . . . . . . . . . . . . . . . . . . . 1 . . . . Level Access Points 1 | . . . . . . . . . . . . . . . . . . . . . . . 1 . . . . . . . . . . Branch Access Points 1 | . . . . . . . . . . . . . . . . . . . . . . . . 1 . . . . . . . . . Alert Level 2 | . . . . . . . . . . . . . 1 . . . . . . . . . . 1 . . . . . . . . . Unreport Threat 1 | . . . 1 . . . . . . . . . . . . . . . . . . . . . . . . . . . . . . Locate Traps 4 | . . . 2 . . . . . . . . . . . . . . . . . . . 1 1 . . . . . . . . . Dispatch Records 1 | . 1 . . . . . . . . . . . . . . . . . . . . . . . . . . . . . . . . Zone Layout 1 | . . . . 1 . . . . . . . . . . . . . . . . . . . . . . . . . . . . . Derelict Proto ID Bank 1 | . . . . . 1 . . . . . . . . . . . . . . . . . . . . . . . . . . . . Fabricator Hacks . | . . . . . . . . . . . . . . . . . . . . . . . . . . . . . . . . . . Repair Station Hacks . | . . . . . . . . . . . . . . . . . . . . . . . . . . . . . . . . . . Recycling Unit Hacks . | . . . . . . . . . . . . . . . . . . . . . . . . . . . . . . . . . . Scanalyzer 6 | . . . 5 . . . . . . . . . . . . . . . . . . . . . . . . . . . . 1 . Insert Component 4 | . . . 3 . . . . . . . . . . . . . . . . . . . . . . . . . . . . 1 . Analyze 2 | . . . 2 . . . . . . . . . . . . . . . . . . . . . . . . . . . . . . Garrison Access Hacks 2 | . . . . . . . . . . . . . 1 . . . . . . . . . 1 . . . . . . . . . . Unlock Access 1 | . . . . . . . . . . . . . . . . . . . . . . . 1 . . . . . . . . . . Seal Access 1 | . . . . . . . . . . . . . 1 . . . . . . . . . . . . . . . . . . . . Unauthorized Hacks 23 | . 6 . 6 . . . 10 . . . . . . . . . . . 1 . . . . . . . . . . . . . . Terminals 17 | . 5 . 4 . . . 8 . . . . . . . . . . . . . . . . . . . . . . . . . . Track 1 | . . . . . . . 1 . . . . . . . . . . . . . . . . . . . . . . . . . . Assimilate 1 | . . . . . . . 1 . . . . . . . . . . . . . . . . . . . . . . . . . . Detonate 1 | . . . . . . . 1 . . . . . . . . . . . . . . . . . . . . . . . . . . Skim 14 | . 5 . 4 . . . 5 . . . . . . . . . . . . . . . . . . . . . . . . . . Fabricators 1 | . . . . . . . . . . . . . . . . . . . 1 . . . . . . . . . . . . . . Download 1 | . . . . . . . . . . . . . . . . . . . 1 . . . . . . . . . . . . . . Repair Stations . | . . . . . . . . . . . . . . . . . . . . . . . . . . . . . . . . . . Recycling Units 5 | . 1 . 2 . . . 2 . . . . . . . . . . . . . . . . . . . . . . . . . . Tunnel 5 | . 1 . 2 . . . 2 . . . . . . . . . . . . . . . . . . . . . . . . . . Scanalyzers . | . . . . . . . . . . . . . . . . . . . . . . . . . . . . . . . . . . Garrison Access . | . . . . . . . . . . . . . . . . . . . . . . . . . . . . . . . . . . Data Cores Recovered 1 | . . . . . . . 1 . . . . . . . . . . . . . . . . . . . . . . . . . . Used . | . . . . . . . . . . . . . . . . . . . . . . . . . . . . . . . . . . Hacking Detections 47 | . 6 1 7 1 . . 7 . . . . . 4 . . . . . . 5 2 . 3 1 . . . . . . 3 5 2 Full Trace Events 6 | . 1 . . . . . 1 . . . . . . . . . . . . 2 . . 1 . . . . . . . . 1 . Feedback Events 2 | . 1 . . . . . . . . . . . . . . . . . . 1 . . . . . . . . . . . . . Corruption 2 | . 1 . . . . . . . . . . . . . . . . . . 1 . . . . . . . . . . . . . Feedback Blocked . | . . . . . . . . . . . . . . . . . . . . . . . . . . . . . . . . . . Robot Schematics Acquired 8 | . 2 . . . . . . . . . 3 . . . . 3 . . . . . . . . . . . . . . . . . Robots Built . | . . . . . . . . . . . . . . . . . . . . . . . . . . . . . . . . . . Authchips . | . . . . . . . . . . . . . . . . . . . . . . . . . . . . . . . . . . Time . | . . . . . . . . . . . . . . . . . . . . . . . . . . . . . . . . . . Total Robot Build Rating . | . . . . . . . . . . . . . . . . . . . . . . . . . . . . . . . . . . Part Schematics Acquired 37 | . . . 2 . . . . . . . 9 . . . . 15 . . 1 . . . . . . . 4 . . . . 1 5 Parts Built . | . . . . . . . . . . . . . . . . . . . . . . . . . . . . . . . . . . Authchips . | . . . . . . . . . . . . . . . . . . . . . . . . . . . . . . . . . . Time . | . . . . . . . . . . . . . . . . . . . . . . . . . . . . . . . . . . Total Part Build Rating . | . . . . . . . . . . . . . . . . . . . . . . . . . . . . . . . . . . Parts Repaired . | . . . . . . . . . . . . . . . . . . . . . . . . . . . . . . . . . . Time . | . . . . . . . . . . . . . . . . . . . . . . . . . . . . . . . . . . Parts Recycled . | . . . . . . . . . . . . . . . . . . . . . . . . . . . . . . . . . . Recycled Matter . | . . . . . . . . . . . . . . . . . . . . . . . . . . . . . . . . . . Retrieved Matter . | . . . . . . . . . . . . . . . . . . . . . . . . . . . . . . . . . . Retrieved Components . | . . . . . . . . . . . . . . . . . . . . . . . . . . . . . . . . . . Parts Scanalyzed 3 | . . . 2 . . . . . . . . . . . . . . . . . . . . . . . . . . . . 1 . Part Schematics Acquired 2 | . . . 2 . . . . . . . . . . . . . . . . . . . . . . . . . . . . . . Parts Damaged 1 | . . . . . . . . . . . . . . . . . . . . . . . . . . . . . . . . 1 . Bothacking | -11 -10 -10 -9 -9 -9 -8 -8 -7 -7 -7 -7 -6 -6 -6 -6 -6 -6 -5 -5 -5 -5 -5 -5 -4 -4 -4 -4 -3 -3 -3 -2 -2 -2 ------------ Run | Yrd Mat Min Mat Min Exi Min Mat Fac Low Low Dat Pro Fac Low Low Zio Dee Pro Fac Ext Cet Arc Hub Fac Upp Upp Zhi Pro Res DSF Res Qua Sec Used RIF Installer . | . . . . . . . . . . . . . . . . . . . . . . . . . . . . . . . . . . Robots Hacked 5 | . . . . . 4 . . . . . 1 . . . . . . . . . . . . . . . . . . . . . . Non-combat 3 | . . . . . 3 . . . . . . . . . . . . . . . . . . . . . . . . . . . . Combat 2 | . . . . . 1 . . . . . 1 . . . . . . . . . . . . . . . . . . . . . . Robot Hacks Applied 5 | . . . . . 4 . . . . . 1 . . . . . . . . . . . . . . . . . . . . . . parse_system 5 | . . . . . 4 . . . . . 1 . . . . . . . . . . . . . . . . . . . . . . Relay Couplers Released 7 | . . . . . . . 2 . . . . . 4 . . . . . . . . . 1 . . . . . . . . . . Machine Destruction 3 | . . . . . . . 2 . . . . . . . . . . . . . . . 1 . . . . . . . . . . Programmers 4 | . . . . . . . . . . . . . 4 . . . . . . . . . . . . . . . . . . . . Fabnet Peak Effective % . | . . . . . . . . . . . . . . . . . . . . . . . . . . . . . . . . . . Robots Rewired 28 | . . . . . . . . . . . . 2 . . . . . 2 . 24 . . . . . . . . . . . . . Allies Hacked 1 | . . . . . . . . . . . . . 1 . . . . . . . . . . . . . . . . . . . . Hacks Repelled . | . . . . . . . . . . . . . . . . . . . . . . . . . . . . . . . . . . Allies | -11 -10 -10 -9 -9 -9 -8 -8 -7 -7 -7 -7 -6 -6 -6 -6 -6 -6 -5 -5 -5 -5 -5 -5 -4 -4 -4 -4 -3 -3 -3 -2 -2 -2 -------- Run | Yrd Mat Min Mat Min Exi Min Mat Fac Low Low Dat Pro Fac Low Low Zio Dee Pro Fac Ext Cet Arc Hub Fac Upp Upp Zhi Pro Res DSF Res Qua Sec Total Allies 50 | . . . . . . . . . . . . 2 . . . 9 . 2 . 30 5 . 2 . . . . . . . . . . Largest Group 13 | . . . . . . . . . . . . 2 2 . . 9 5 2 1 11 13 12 10 . . . . . . . . . . Highest-Rated Group 844 | . . . . . . . . . . . . 64 64 . . 305 149 58 29 471 844 819 571 . . . . . . . . . . Highest-Rated Ally 159 | . . . . . . . . . . . . 32 32 . . 39 31 29 29 159 159 152 96 . . . . . . . . . . Total Orders 7 | . . . . . . . . . . . . . . . . . . . . . . 2 2 . . 3 . . . . . . . STAY 2 | . . . . . . . . . . . . . . . . . . . . . . 1 1 . . . . . . . . . . FOLLOW 2 | . . . . . . . . . . . . . . . . . . . . . . 1 1 . . . . . . . . . . EXPLORE 3 | . . . . . . . . . . . . . . . . . . . . . . . . . . 3 . . . . . . . Ally Attacks 327 | . . . . . . . . . . 7 18 . 19 . . . 32 22 4 104 64 18 39 . . . . . . . . . . Total Damage 7201 | . . . . . . . . . . 321 900 . 726 . . . 318 309 57 1851 1322 479 918 . . . . . . . . . . Kills 43 | . . . . . . . . . . 2 3 . 3 . . . 2 2 . 12 11 2 6 . . . . . . . . . . Allies Corrupted 8 | . . . . . . . . . . . . . . . . . . . . . . . 8 . . . . . . . . . . Allies Melted . | . . . . . . . . . . . . . . . . . . . . . . . . . . . . . . . . . . Turrets Deployed 3 | . . . . . . . . . . 2 1 . . . . . . . . . . . . . . . . . . . . . . Intel | -11 -10 -10 -9 -9 -9 -8 -8 -7 -7 -7 -7 -6 -6 -6 -6 -6 -6 -5 -5 -5 -5 -5 -5 -4 -4 -4 -4 -3 -3 -3 -2 -2 -2 ------- Run | Yrd Mat Min Mat Min Exi Min Mat Fac Low Low Dat Pro Fac Low Low Zio Dee Pro Fac Ext Cet Arc Hub Fac Upp Upp Zhi Pro Res DSF Res Qua Sec Robot Analysis Total 150 | . 1 1 1 . . . 2 . . . 145 . . . . . . . . . . . . . . . . . . . . . . Derelict Logs Recovered 14 | . . . . 1 . . . . 1 2 . 2 . 1 2 1 . 2 . . . . . . 1 1 . . . . . . . Drone Launches 6 | . . . . . . . . . . . . . . . . . . . . . . . 2 . . 4 . . . . . . . Drone Recoveries 2 | . . . . . . . . . . . . . . . . . . . . . . . . . . 2 . . . . . . . Decoded 0b10 Intel 108 | . . . . . . . . . . . . . . . . . . . . . . . . . . . . . 21 30 57 . . Items 108 | . . . . . . . . . . . . . . . . . . . . . . . . . . . . . 21 30 57 . . Exploration | -11 -10 -10 -9 -9 -9 -8 -8 -7 -7 -7 -7 -6 -6 -6 -6 -6 -6 -5 -5 -5 -5 -5 -5 -4 -4 -4 -4 -3 -3 -3 -2 -2 -2 ------------- Run | Yrd Mat Min Mat Min Exi Min Mat Fac Low Low Dat Pro Fac Low Low Zio Dee Pro Fac Ext Cet Arc Hub Fac Upp Upp Zhi Pro Res DSF Res Qua Sec Turns Passed 55927 | 271 1615 722 3990 1718 921 402 2719 179 2409 2555 647 12249 1674 1522 1741 1835 1724 2702 774 2658 768 987 603 104 2072 1918 568 1645 393 453 905 291 193 Spaces Moved 18818 | 146 602 411 1220 517 281 119 899 71 969 1048 146 900 690 930 931 1103 767 1082 256 870 273 234 247 39 816 662 228 484 117 206 645 549 360 Core 490 | 6 17 . . . . . . . . . . 450 10 . . . . . . . . . . . . . . . 7 . . . . Treads 11726 | 140 585 411 913 517 281 119 899 71 969 1048 146 450 16 7 147 . 107 921 256 796 273 234 247 39 816 662 228 428 . . . . . Legs 625 | . . . . . . . . . . . . . . . . . . . . . . . . . . . . . . 196 429 . . Wheels 4796 | . . . 307 . . . . . . . . . 664 923 784 1103 660 161 . 74 . . . . . . . . 110 10 . . . Hover . | . . . . . . . . . . . . . . . . . . . . . . . . . . . . . . . . . . Flight 1138 | . . . . . . . . . . . . . . . . . . . . . . . . . . . . 56 . . 216 549 317 Fastest Speed 31 | 50 160 160 125 320 320 320 235 240 240 240 242 570 115 115 145 145 145 190 240 240 240 240 160 240 160 240 240 240 150 112 34 34 31 Average Speed 265 | 155 171 160 284 320 320 320 239 240 240 240 406 1349 205 140 174 147 172 232 240 243 241 240 221 240 240 240 240 320 276 135 92 34 33 Slowest Speed 2800 | 160 550 160 320 560 320 320 312 240 240 242 650 2650 2800 480 320 160 320 320 240 320 400 240 240 240 320 240 240 945 1750 390 120 34 34 Overloaded Moves 1 | . . . . . . . . . . . . . . . . . . . . . . . . . . . . 1 . . . . . Propulsion Burnouts . | . . . . . . . . . . . . . . . . . . . . . . . . . . . . . . . . . . Robots Hopped 7 | . . . . . . . . . . 2 . . . . . . . . . . . . . . . . . . . . 5 . . Cave-ins Triggered 1 | . . . . . . . . . . . . . . . . . 1 . . . . . . . . . . . . . . . . Teleports 2 | . . . . . . . . . . . . . . . . . . . . . . . . . . . . 1 . . . 1 . Microwarps 9 | . . . . . . . . . . . . . . . . . . . . . . . . . . . . . . . . . 9 Exploration Rate (%) 65 | 11 86 91 76 96 64 51 80 2 98 97 80 89 25 94 94 92 75 97 7 90 86 85 44 2 75 95 63 63 5 94 19 60 26 Regions Visited 33 Branch Regions 23 Pre-discovered Areas 37 | . 2 . 2 . 1 . 4 . . 1 21 . . 1 . 2 . . . . . . . . . . 3 . . . . . . Known Exits Taken 8 | . . . . . . 1 1 . . . . 1 . 1 . . . . 1 . . . 1 1 . . . . 1 . . . . Unknown Exits Taken 24 | 1 1 1 1 1 1 . . 1 1 1 1 . 1 . 1 1 1 1 . 1 1 1 . . 1 1 1 1 . . 1 1 . Scrap Searched 35 | . . 1 . 4 . . . . 1 6 . 1 . 3 6 3 . 3 . . . . . . 1 4 . 2 . . . . . Spaces Dug 78 | . . . 9 . . . . . . . . . 4 1 . . 3 . 4 2 . . 10 . . 4 . 1 8 . 32 . . Terrain Destroyed 812 | . . 1 59 . . . 46 . . . . 2 74 11 3 . 14 15 6 9 1 14 489 . 4 4 . 2 8 2 48 . . Melee 19 | . . . . . . . . . . . . . 3 1 . . 3 . . . . . . . . 4 . . 8 . . . . Projectile 142 | . . 1 . . . . . . . . . 2 11 3 3 . 9 15 6 9 1 14 12 . 4 . . 2 . 2 48 . . AOE 649 | . . . 59 . . . 46 . . . . . 60 7 . . . . . . . . 477 . . . . . . . . . . Terrain Rammed . | . . . . . . . . . . . . . . . . . . . . . . . . . . . . . . . . . . Walls Destroyed . | . . . . . . . . . . . . . . . . . . . . . . . . . . . . . . . . . . Machines Disabled . | . . . . . . . . . . . . . . . . . . . . . . . . . . . . . . . . . . Actions | -11 -10 -10 -9 -9 -9 -8 -8 -7 -7 -7 -7 -6 -6 -6 -6 -6 -6 -5 -5 -5 -5 -5 -5 -4 -4 -4 -4 -3 -3 -3 -2 -2 -2 --------- Run | Yrd Mat Min Mat Min Exi Min Mat Fac Low Low Dat Pro Fac Low Low Zio Dee Pro Fac Ext Cet Arc Hub Fac Upp Upp Zhi Pro Res DSF Res Qua Sec Total 23443 | 167 1089 435 1542 558 304 127 1266 81 1023 1071 191 984 891 1074 1031 1243 1031 1247 409 1365 377 614 285 49 910 931 250 549 175 333 829 633 379 Wait 2311 | 1 419 1 80 22 . . 145 9 1 1 15 19 115 82 69 87 137 80 138 134 30 315 6 . 45 208 . 26 30 25 40 22 9 Move 18739 | 145 601 410 1219 516 280 118 898 70 968 1043 145 899 689 929 930 1102 766 1081 255 869 272 233 246 39 815 661 227 484 116 205 635 548 325 Hop 6 | . . . . . . . . . . 2 . . . . . . . . . . . . . . . . . . . . 4 . . Pick Up 265 | 4 12 1 38 2 6 . 20 . 7 7 4 2 15 5 8 2 7 11 3 16 17 4 2 . 10 12 5 4 3 20 11 7 . Fast Attach 178 | 6 2 . 11 2 . . 9 . 2 1 . . 7 5 1 5 19 6 1 10 5 5 1 . 8 3 4 4 8 12 17 12 12 Attach 143 | 1 . 1 8 1 . . 11 2 . . 3 3 10 3 4 1 6 5 2 5 2 . 5 7 8 1 2 10 6 3 23 7 3 Detach 44 | . . . 1 1 . . 4 . . . 1 1 2 1 . . 1 . . . . . 1 2 3 1 . . 1 7 8 5 4 Swap 200 | . 4 3 23 . 6 . 11 . 3 2 12 16 8 9 5 7 3 4 1 11 6 3 4 1 4 9 3 3 . 24 10 3 2 Drop 295 | . 1 1 40 2 8 . 24 . 7 6 1 1 13 7 6 7 19 12 1 26 26 6 3 . 5 5 8 6 2 19 10 11 12 Fire 832 | 10 50 18 122 12 . 9 144 . 35 9 8 39 23 16 8 . 62 20 8 41 9 48 17 . 4 18 1 11 . 18 69 3 . Melee 73 | . . . . . 4 . . . . . 2 4 9 17 . 5 3 . . . . . . . . 6 . . 9 . . 2 12 Ram 2 | . . . . . . . . . . . . . . . . . . . . . . . . . . . . 1 . . 1 . . Kick 1 | . . . . . . . . . . . . . . . . . . . . . . . . . . . . . . . 1 . . Crush . | . . . . . . . . . . . . . . . . . . . . . . . . . . . . . . . . . . Escape Stasis 4 | . . . . . . . . . . . . . . . . . . . . 4 . . . . . . . . . . . . . Rewire 269 | . . . . . . . . . . . . . . . . . . 28 . 241 . . . . . . . . . . . . . Trap . | . . . . . . . . . . . . . . . . . . . . . . . . . . . . . . . . . . Miscellaneous 81 | . . . . . . . . . . . . . . . . 27 8 . . 8 10 . . . 8 7 . . . . . 13 . Route ------- -11/Scrapyard -10/Materials (discovered 4 exits: *Mat x3 / *Min) -10/Mines (discovered 2 exits: *Mat x2) -9/Materials (discovered 4 exits: *Mat x2 / *Min x2) -9/Mines (discovered 3 exits: *Mat x2 / *Exi) -9/Exiles -8/Mines -8/Materials (discovered 3 exits: *Fac x3) -7/Factory (discovered 5 exits: Fac x3 / Sto / [*Low]) -7/Lower Caves -7/Lower Caves (discovered 2 exits: *Fac / *Dat) -7/Data Miner -6/Proximity Caves -6/Factory (discovered 4 exits: *Fac x2 / *Low x2) -6/Lower Caves -6/Lower Caves (discovered 2 exits: *Fac / *Zio) -6/Zion (discovered 2 exits: [*Dee] / [Pro]) -6/Deep Caves -5/Proximity Caves -5/Factory (discovered 2 exits: Fac / *Ext) -5/Extension (discovered 2 exits: *Fac / *Cet) -5/Cetus (discovered 2 exits: *Fac / *Arc) -5/Archives (discovered 3 exits: *Fac / *Hub x2) -5/Hub_04(d) (discovered 4 exits: *Fac x4) -4/Factory (discovered 2 exits: *Upp x2) -4/Upper Caves -4/Upper Caves (discovered 2 exits: *Res / *Zhi) -4/Zhirov -3/Proximity Caves -3/Research -3/DSF -2/Research (discovered 2 exits: [*Acc] / *Qua) -2/Quarantine -2/Section 7 History --------- Turn | Location | Event 15 | -11/Scrapyard | Discovered new exit (range 14) 272 | -11/Scrapyard | Entered Materials 311 | -10/Materials | Build established: Mutant 692 | -10/Materials | Discovered new exit (range 16) 906 | -10/Materials | Discovered new exit (range 16) 936 | -10/Materials | Discovered new exit (range 16) 1298 | -10/Materials | Central database locked down 1319 | -10/Materials | Discovered new exit (range 12) 1385 | -10/Materials | Loaded intel: 2 recycling unit locations 1525 | -10/Materials | Learned Storage stockpile data 1579 | -10/Materials | Learned location of 1 exit from Recycling 1621 | -10/Materials | Learned location of Recycling (-7) 1652 | -10/Materials | Learned Storage security intel 1812 | -10/Materials | Loaded intel: 7 terminal locations 1887 | -10/Materials | Entered Mines 1905 | -10/Mines | Met a Derelict bent on vengeance 2082 | -10/Mines | Discovered new exit (range 10) 2227 | -10/Mines | Excavation squad dispatched 2227 | -10/Mines | A large section of the Mines collapsed 2284 | -10/Mines | Received a Rocket Launcher from a helpful Derelict 2360 | -10/Mines | Discovered new exit (range 5) 2609 | -10/Mines | Entered Materials 2609 | -9/Materials | Evolved 2 slots: Weapon x2 2964 | -9/Materials | Build established: Gunner 3358 | -9/Materials | Build established: Tank 3647 | -9/Materials | Discovered new exit (range 16) 4059 | -9/Materials | Discovered new exit (range 10) 4371 | -9/Materials | Discovered new exit (range 6) 4609 | -9/Materials | First assault squad dispatched 5209 | -9/Materials | Discovered new exit (range 12) 6260 | -9/Materials | Sterilization system engaged 6260 | -9/Materials | Non-combat units ordered to evacuate 6360 | -9/Materials | Combat units ordered to evacuate 6560 | -9/Materials | Ambient heat levels rising (+10) 6599 | -9/Materials | Entered Mines 6600 | -9/Mines | Assembled infested the area 6605 | -9/Mines | Assisted by a Guerilla fighting off Assembled 6712 | -9/Mines | Met a Derelict who couldn't figure out how to use a Trap Extractor 6923 | -9/Mines | Found a damaged Exp. Sensor Array with a note attached 6930 | -9/Mines | Found Prototype Device 7004 | -9/Mines | Discovered new exit (range 6) 7997 | -9/Mines | Identified exit to Materials 8305 | -9/Mines | Deemed a non-threat by the Exiles lab entrance 8305 | -9/Mines | Discovered new exit (range 5) 8317 | -9/Mines | Entered Exiles 8394 | -9/Exiles | Met 8R-AWN 8429 | -9/Exiles | Identified Exp. Sensor Array 8467 | -9/Exiles | Met EX-HEX 8559 | -9/Exiles | Met EX-BIN 8598 | -9/Exiles | Aligned with FarCom system 8602 | -9/Exiles | Given EX-Vault access code 8675 | -9/Exiles | Opened EX-Vault 8690 | -9/Exiles | Found Superbattery 8694 | -9/Exiles | Found Deploy-a-Sentry 8698 | -9/Exiles | Found Deploy-a-Sentry 8703 | -9/Exiles | Found Deploy-a-Sentry 8721 | -9/Exiles | Found AWS/Autocannon 8796 | -9/Exiles | Warned to stay clear of 0b10 Research branches 8879 | -9/Exiles | Met EX-DEC 8960 | -9/Exiles | Learned location of Zion (-6) 9190 | -9/Exiles | Discovered new exit (range 15) 9238 | -9/Exiles | Stole three prototypes: Superbattery, AWS/Autocannon, Deploy-a-Sentry 9238 | -9/Exiles | Entered Mines 9532 | -8/Mines | Build established: Skirmisher 9575 | -8/Mines | Discovered exit to Materials (range 12) 9640 | -8/Mines | Entered Materials 9640 | -8/Materials | Evolved 2 slots: Propulsion x1, Utility x1 9667 | -8/Materials | Garrison activated, responded to threat 10715 | -8/Materials | Discovered new exit (range 16) 10840 | -8/Materials | First assault squad dispatched 11465 | -8/Materials | Learned location of 1 exit from Recycling 11524 | -8/Materials | Identified exit to Factory 11574 | -8/Materials | Learned Factory stockpile data 11612 | -8/Materials | Learned Factory security intel 11641 | -8/Materials | Learned Factory emergency access door positions 11695 | -8/Materials | Learned location of 2 exits from Factory 11835 | -8/Materials | Lost 3 parts (2n1u) 12006 | -8/Materials | Sterilization system engaged 12006 | -8/Materials | Non-combat units ordered to evacuate 12106 | -8/Materials | Combat units ordered to evacuate 12306 | -8/Materials | Ambient heat levels rising (+10) 12359 | -8/Materials | Entered Factory 12359 | -7/Factory | Evolved 2 slots: Propulsion x1, Utility x1 12360 | -7/Factory | Identified exit to Storage 12361 | -7/Factory | Identified exit to Factory 12361 | -7/Factory | FarCom data flow suspended 12370 | -7/Factory | Discovered exit to Factory (range 16) 12502 | -7/Factory | Discovered new exit (range 15) 12538 | -7/Factory | Entered Lower Caves 13054 | -7/Lower Caves | Build established: Gunner 13179 | -7/Lower Caves | Learned Factory security intel 14640 | -7/Lower Caves | Discovered new exit (range 8) 14947 | -7/Lower Caves | Entered another Lower Caves area 14988 | -7/Lower Caves | Encountered a Warlord checkpoint 15009 | -7/Lower Caves | Discovered exit to Factory (range 14) 15584 | -7/Lower Caves | Spotted B-75 Beast 15812 | -7/Lower Caves | Learned Factory stockpile data 15970 | -7/Lower Caves | Attracted the attention of an 0b10 checkpoint 16521 | -7/Lower Caves | Spotted 9U-046(f) 16522 | -7/Lower Caves | Encountered a Master Thief 16522 | -7/Lower Caves | Spotted G1-5JX(f) 16522 | -7/Lower Caves | Spotted LQ-CBA(f) 16523 | -7/Lower Caves | Encountered a Master Thief 16523 | -7/Lower Caves | Encountered a Master Thief 16525 | -7/Lower Caves | DAS Turret deployed 16526 | -7/Lower Caves | Deploy-a-Sentry stolen by Master Thief 16526 | -7/Lower Caves | Allies destroyed LQ-CBA(f) 16527 | -7/Lower Caves | Exp. Sensor Array stolen by Master Thief 16528 | -7/Lower Caves | DAS Turret deployed 16528 | -7/Lower Caves | Allies destroyed G1-5JX(f) 17435 | -7/Lower Caves | Discovered new exit (range 7) 17502 | -7/Lower Caves | Entered Data Miner 17502 | -7/Data Miner | Discovered new exit (range 6) 17548 | -7/Data Miner | Met Data Miner 17621 | -7/Data Miner | Learned location of Section 7 (-2) 17621 | -7/Data Miner | Acquired the access code to Warlord's prototype stash 17660 | -7/Data Miner | Received God Mode back door access code from Data Miner 17710 | -7/Data Miner | Interfaced with the Data Conduit 17716 | -7/Data Miner | DAS Turret deployed 17761 | -7/Data Miner | Lost 5 parts (3n2w) 18149 | -7/Data Miner | Entered Proximity Caves 19002 | -6/Proximity Caves | Attracted the attention of an 0b10 checkpoint 19554 | -6/Proximity Caves | Learned location of 1 exit from Lower Caves 19810 | -6/Proximity Caves | Ambushed by research squad 20323 | -6/Proximity Caves | Build established: Skirmisher 23595 | -6/Proximity Caves | Build established: Gunner 26996 | -6/Proximity Caves | Attracted the attention of an 0b10 outpost 27044 | -6/Proximity Caves | Lost 3 parts (3w) 27095 | -6/Proximity Caves | Destroyed 7 combat bots 29097 | -6/Proximity Caves | Discovered exit to Factory (range 10) 30398 | -6/Proximity Caves | Entered Factory 30398 | -6/Factory | Accompanied by 2 allies 30398 | -6/Factory | Evolved 2 slots: Utility x2 30401 | -6/Factory | Loaded intel: 318 machine locations 31069 | -6/Factory | Build established: Scavenger-Skirmisher 31190 | -6/Factory | Discovered new exit (range 21) 31496 | -6/Factory | Discovered new exit (range 12) 31538 | -6/Factory | Discovered new exit (range 22) 31639 | -6/Factory | Build established: Scavenger-Assassin 31676 | -6/Factory | Discovered new exit (range 22) 31727 | -6/Factory | Intercept squad dispatched 31730 | -6/Factory | Spotted Tracker 31740 | -6/Factory | Destroyed Tracker 31752 | -6/Factory | Found Exp. Targeting Computer 31797 | -6/Factory | Spotted Combat Programmer 31834 | -6/Factory | Destroyed Combat Programmer 32072 | -6/Factory | Entered Lower Caves 32073 | -6/Lower Caves | Identified exit to Lower Caves 32470 | -6/Lower Caves | Attracted the attention of an 0b10 checkpoint 33125 | -6/Lower Caves | Spotted B-75 Beast 33467 | -6/Lower Caves | Build established: Scavenger-Gunner 33594 | -6/Lower Caves | Entered another Lower Caves area 33594 | -6/Lower Caves | Spotted LT-5LC(f) 33595 | -6/Lower Caves | Spotted N3-JC6(f) 33596 | -6/Lower Caves | Encountered a Master Thief 33596 | -6/Lower Caves | Encountered a Master Thief 33597 | -6/Lower Caves | Superbattery stolen by Master Thief 33600 | -6/Lower Caves | Adv. Force Field stolen by Master Thief 33779 | -6/Lower Caves | Discovered new exit (range 9) 34606 | -6/Lower Caves | Discovered new exit (range 4) 34659 | -6/Lower Caves | Learned Factory security intel 34990 | -6/Lower Caves | Build established: Scavenger-Assassin 35335 | -6/Lower Caves | Entered Zion 35419 | -6/Zion | Build established: Scavenger-Skirmisher 35425 | -6/Zion | Gained Derelict followers 35428 | -6/Zion | Discovered new exit (range 13) 35522 | -6/Zion | System corruption cleaned by Quarantine Array 35625 | -6/Zion | Given the Hacking Drone Bay 35625 | -6/Zion | Found Prototype Device 35625 | -6/Zion | Identified Hacking Drone Bay 35778 | -6/Zion | Learned 4 Factory zone layouts 35814 | -6/Zion | Discovered new exit (range 23) 35831 | -6/Zion | Found Prototype Device 35831 | -6/Zion | Identified Phasing AFG 36566 | -6/Zion | Build established: Derelict-Assassin 36675 | -6/Zion | Met Imprinter 36698 | -6/Zion | Imprinted 36701 | -6/Zion | Declared Zion's savior 36876 | -6/Zion | Found GAL Module 37147 | -6/Zion | Saw the warning signs outside the Deep Caves entrance 37151 | -6/Zion | Build established: Derelict-Gunner 37170 | -6/Zion | Entered Deep Caves 37170 | -6/Deep Caves | Accompanied by 9 allies 37302 | -6/Deep Caves | Attacked by Z-Imprinter 37324 | -6/Deep Caves | Destroyed Z-Imprinter 37359 | -6/Deep Caves | Lost 5 allies 37426 | -6/Deep Caves | Found Prototype Protection 37426 | -6/Deep Caves | Identified Zio. Weapon Casing 37616 | -6/Deep Caves | Build established: Derelict-Tank 37692 | -6/Deep Caves | Z-Facility disabled 37743 | -6/Deep Caves | Lost 4 parts (2u2w) 38099 | -6/Deep Caves | Discovered new exit (range 7) 38588 | -6/Deep Caves | Crushed by falling debris 38588 | -6/Deep Caves | Core integrity fell below 50% 38588 | -6/Deep Caves | System corruption reached 10% 38619 | -6/Deep Caves | Lost 3 parts (1n1u1w) 38632 | -6/Deep Caves | Found Zio. Weapon Casing 38645 | -6/Deep Caves | Found Zio. Weapon Casing 38808 | -6/Deep Caves | Spotted AG-43738 38894 | -6/Deep Caves | Entered Proximity Caves 39184 | -5/Proximity Caves | Build established: Gunner 39557 | -5/Proximity Caves | Build established: Scavenger-Skirmisher 39588 | -5/Proximity Caves | Attracted the attention of an 0b10 outpost 39624 | -5/Proximity Caves | Destroyed 7 combat bots 39932 | -5/Proximity Caves | Core integrity fell below 20% 40201 | -5/Proximity Caves | Learned location of 1 exit from Factory 40228 | -5/Proximity Caves | Learned Factory emergency access door positions 40386 | -5/Proximity Caves | Build established: Scavenger-Gunner 40776 | -5/Proximity Caves | Received a Behemoth hack from an annoying Tinkerer 41023 | -5/Proximity Caves | Discovered new exit (range 7) 41596 | -5/Proximity Caves | Entered Factory 41596 | -5/Factory | Accompanied by 1 ally 41596 | -5/Factory | Evolved 2 slots: Utility x2 41597 | -5/Factory | Identified exit to Extension 41598 | -5/Factory | Identified exit to Factory 41602 | -5/Factory | Loaded intel: 255 machine locations 41900 | -5/Factory | Build established: Scavenger-Skirmisher 42370 | -5/Factory | Entered Extension 42371 | -5/Extension | Loaded intel: 29 machine locations 42738 | -5/Extension | Build established: Scavenger-Tank 42858 | -5/Extension | P-70 Sage assimilated allied A8-EQA(g) 43233 | -5/Extension | Lost 5 allies 43377 | -5/Extension | Rescued a captive Derelict 43382 | -5/Extension | Lost 3 allies 43473 | -5/Extension | Lost 4 allies 43851 | -5/Extension | Build established: Commander-Tank 43906 | -5/Extension | Disrupted transfer network 44250 | -5/Extension | Spotted B-75 Beast 44278 | -5/Extension | Destroyed B-75 Beast 44290 | -5/Extension | Spotted B-75 Beast 44316 | -5/Extension | Destroyed B-75 Beast 44333 | -5/Extension | Build established: Scavenger-Tank 44411 | -5/Extension | Rescued a captive Derelict 44571 | -5/Extension | Rescued a captive Derelict 44772 | -5/Extension | Rescued A7 44885 | -5/Extension | Rescued a captive Derelict 44886 | -5/Extension | Rescued a captive Derelict 44959 | -5/Extension | Discovered exit to Factory (range 10) 44961 | -5/Extension | Discovered new exit (range 6) 44989 | -5/Extension | Found Imp. Powered Armor 45028 | -5/Extension | Entered Cetus 45028 | -5/Cetus | Accompanied by 11 allies (A7) 45029 | -5/Cetus | Loaded intel: 24 machine locations 45033 | -5/Cetus | Acquired a Cetus Manufacturing Module code from A7 45055 | -5/Cetus | Spotted Cetus Guard 45055 | -5/Cetus | Spotted Cetus Guard 45055 | -5/Cetus | Spotted Cetus Guard 45055 | -5/Cetus | Spotted Cetus Guard 45062 | -5/Cetus | Allies destroyed Cetus Guard 45077 | -5/Cetus | Allies destroyed Cetus Guard 45086 | -5/Cetus | Allies destroyed Cetus Guard 45087 | -5/Cetus | Allies destroyed Cetus Guard 45116 | -5/Cetus | Lost 3 allies 45259 | -5/Cetus | Started Cetus Manufacturing Module 45280 | -5/Cetus | Discovered new exit (range 21) 45284 | -5/Cetus | Manufactured an Enhanced Grunt 45309 | -5/Cetus | Manufactured an Enhanced Grunt 45323 | -5/Cetus | Escorted A7 to Cetus Mainframe 45334 | -5/Cetus | Manufactured an Enhanced Grunt 45359 | -5/Cetus | Manufactured an Enhanced Grunt 45384 | -5/Cetus | Manufactured an Enhanced Grunt 45401 | -5/Cetus | Spotted Cetus Guard 45401 | -5/Cetus | Spotted Cetus Guard 45401 | -5/Cetus | Spotted Cetus Guard 45401 | -5/Cetus | Spotted Cetus Guard 45404 | -5/Cetus | Allies destroyed Cetus Guard 45409 | -5/Cetus | Discovered exit to Factory (range 21) 45415 | -5/Cetus | Allies destroyed Cetus Guard 45416 | -5/Cetus | Allies destroyed Cetus Guard 45423 | -5/Cetus | Allies destroyed Cetus Guard 45436 | -5/Cetus | Scared off Revision 17 45626 | -5/Cetus | Found a strange terminal 45778 | -5/Cetus | Security sweep announced 45796 | -5/Cetus | Entered Archives 45796 | -5/Archives | Accompanied by 12 allies (A7) 45797 | -5/Archives | Loaded intel: 8 machine locations 45801 | -5/Archives | Received a hacking code to weaken MAIN.C 45839 | -5/Archives | Unable to access archive contents 45930 | -5/Archives | Discovered exit to Factory (range 15) 45946 | -5/Archives | System corruption reached 10% 46087 | -5/Archives | Unable to access archive contents 46097 | -5/Archives | Discovered new exit (range 13) 46140 | -5/Archives | Discovered new exit (range 16) 46783 | -5/Archives | Entered Hub_04(d) 46783 | -5/Hub_04(d) | Accompanied by 10 allies 46784 | -5/Hub_04(d) | Loaded intel: 133 machine locations 47008 | -5/Hub_04(d) | Identified exit to Garrison 47085 | -5/Hub_04(d) | Network Hub disabled 47191 | -5/Hub_04(d) | Network Hub disabled 47193 | -5/Hub_04(d) | Spotted Lightning 47197 | -5/Hub_04(d) | Spotted Lightning 47200 | -5/Hub_04(d) | Spotted Lightning 47242 | -5/Hub_04(d) | Lost 5 allies 47245 | -5/Hub_04(d) | Destroyed Lightning 47265 | -5/Hub_04(d) | Allied Derelicts emerged from ambush trap array 47308 | -5/Hub_04(d) | Lost 4 allies 47340 | -5/Hub_04(d) | Core integrity fell below 50% 47368 | -5/Hub_04(d) | System corruption reached 30% 47371 | -5/Hub_04(d) | Network Hub disabled 47375 | -5/Hub_04(d) | Spotted Lightning 47380 | -5/Hub_04(d) | Spotted Lightning 47382 | -5/Hub_04(d) | Spotted Lightning 47383 | -5/Hub_04(d) | First assault squad dispatched 47386 | -5/Hub_04(d) | Entered Factory 47386 | -4/Factory | Evolved 2 slots: Power x1, Utility x1 47387 | -4/Factory | Loaded intel: 263 machine locations 47416 | -4/Factory | Lost 11 parts (1p1n5u4w) 47439 | -4/Factory | Identified exit to Upper Caves 47490 | -4/Factory | Entered Upper Caves 47611 | -4/Upper Caves | Build established: Scavenger-Mutant 48133 | -4/Upper Caves | Attracted the attention of an 0b10 checkpoint 48421 | -4/Upper Caves | Discovered new exit (range 20) 48491 | -4/Upper Caves | Build established: Scavenger-Tank 49037 | -4/Upper Caves | Learned Research garrison access intel 49562 | -4/Upper Caves | Entered another Upper Caves area 49562 | -4/Upper Caves | Spotted GE-9L8(f) 49562 | -4/Upper Caves | Spotted L7-9DF(f) 49563 | -4/Upper Caves | Phasing AFG stolen by Master Thief 49564 | -4/Upper Caves | Encountered a Master Thief 49564 | -4/Upper Caves | Encountered a Master Thief 49578 | -4/Upper Caves | Spotted GR-XJB(f) 49579 | -4/Upper Caves | Encountered a Master Thief 49581 | -4/Upper Caves | Quantum Reactor stolen by Master Thief 49801 | -4/Upper Caves | Discovered new exit (range 11) 49802 | -4/Upper Caves | Attracted the attention of an 0b10 checkpoint 50184 | -4/Upper Caves | Learned Research trap positions 50398 | -4/Upper Caves | Encountered a Warlord checkpoint 50542 | -4/Upper Caves | Build established: Scavenger-Gunner 51190 | -4/Upper Caves | Discovered new exit (range 11) 51239 | -4/Upper Caves | Found Alien Artifact 51239 | -4/Upper Caves | Identified Dimensional Node Initializer 51239 | -4/Upper Caves | Initialized slip node 51480 | -4/Upper Caves | Entered Zhirov 51480 | -4/Zhirov | Discovered new exit (range 3) 51524 | -4/Zhirov | Met Zhirov 51622 | -4/Zhirov | Zhirov requested help retrieving the SGEMP Prototype 51666 | -4/Zhirov | Found Alien Artifact 51666 | -4/Zhirov | Identified Integrated Dissipator 51666 | -4/Zhirov | Installed Integrated Dissipator, increased core heat dissipation (+20) 51791 | -4/Zhirov | Found Alien Artifact 52048 | -4/Zhirov | Entered Proximity Caves 52153 | -3/Proximity Caves | Build established: Derelict-Gunner 52693 | -3/Proximity Caves | Build established: Scavenger-Gunner 52937 | -3/Proximity Caves | Discovered new exit (range 14) 53106 | -3/Proximity Caves | Attracted the attention of an 0b10 outpost 53165 | -3/Proximity Caves | Core integrity fell below 50% 53170 | -3/Proximity Caves | System corruption reached 10% 53172 | -3/Proximity Caves | Identified Transdimensional Reconstructor 53172 | -3/Proximity Caves | Warped through subspace 53198 | -3/Proximity Caves | Lost 16 parts (5n5u6w) 53421 | -3/Proximity Caves | Build established: Mutant 53688 | -3/Proximity Caves | Core integrity fell below 20% 53693 | -3/Proximity Caves | Entered Research 53693 | -3/Research | Evolved 2 slots: Propulsion x2 53694 | -3/Research | Loaded intel: 68 trap records 53695 | -3/Research | Loaded intel: 92 machine locations 53696 | -3/Research | Loaded intel: 3 garrison access locations 53720 | -3/Research | Lost 3 parts (1n2u) 54035 | -3/Research | Found Exp. Focal Shield 54051 | -3/Research | Found Gamma Bomb Array 54086 | -3/Research | Identified exit to DSF 54086 | -3/Research | Entered DSF 54087 | -3/DSF | Loaded intel: 2 machine locations 54163 | -3/DSF | Additional patrols routed to DSF 54397 | -3/DSF | Sterilization system engaged 54417 | -3/DSF | Ambient heat levels rising (+10) 54432 | -3/DSF | Ambient heat levels rising (+10) 54441 | -3/DSF | Discovered new exit (range 16) 54447 | -3/DSF | Ambient heat levels rising (+10) 54450 | -3/DSF | System corruption reached 10% 54462 | -3/DSF | Ambient heat levels rising (+10) 54477 | -3/DSF | Ambient heat levels rising (+10) 54492 | -3/DSF | Ambient heat levels rising (+10) 54507 | -3/DSF | Ambient heat levels rising (+10) 54522 | -3/DSF | Ambient heat levels rising (+10) 54537 | -3/DSF | Ambient heat levels rising (+10) 54539 | -3/DSF | Entered Research 54539 | -2/Research | Evolved 2 slots: Power x1, Utility x1 54540 | -2/Research | Loaded intel: 105 machine locations 54946 | -2/Research | Build established: Tank 55031 | -2/Research | Intercept squad dispatched 55072 | -2/Research | Spotted Tracker 55073 | -2/Research | Spotted Tracker 55112 | -2/Research | Destroyed Tracker 55142 | -2/Research | System corruption reached 10% 55159 | -2/Research | Spotted Combat Programmer 55160 | -2/Research | Spotted Combat Programmer 55174 | -2/Research | Destroyed 8 combat bots 55184 | -2/Research | Destroyed Combat Programmer 55259 | -2/Research | Destroyed Tracker 55261 | -2/Research | Destroyed Combat Programmer 55269 | -2/Research | Lost 17 parts (3p1n6u7w) 55330 | -2/Research | First assault squad dispatched 55341 | -2/Research | System corruption reached 30% 55352 | -2/Research | Core integrity fell below 50% 55383 | -2/Research | Lost 11 parts (1p5n3u2w) 55441 | -2/Research | Discovered new exit (range 4) 55443 | -2/Research | Discovered new exit (range 7) 55444 | -2/Research | Entered Quarantine 55445 | -2/Quarantine | Loaded intel: 67 machine locations 55492 | -2/Quarantine | Found Alien Artifact 55492 | -2/Quarantine | Identified Terrabomb 55492 | -2/Quarantine | Used Terrabomb 55494 | -2/Quarantine | Found Terrabomb 55510 | -2/Quarantine | Found Alien Artifact 55510 | -2/Quarantine | Identified Hpw. Transdimensional Reconstructor 55510 | -2/Quarantine | Warped through subspace 55530 | -2/Quarantine | Found Alien Artifact 55530 | -2/Quarantine | Identified Subatomic Replicator 55603 | -2/Quarantine | Used Subatomic Replicator to replicate Broken Adv. Heavy Treads 55629 | -2/Quarantine | Found Sigix Corpse 55649 | -2/Quarantine | Build established: Mutant 55664 | -2/Quarantine | Found Alien Slashing Weapon 55664 | -2/Quarantine | Identified Sigix Broadsword 55707 | -2/Quarantine | Spotted Fortress 55734 | -2/Quarantine | Discovered new exit (range 5) 55735 | -2/Quarantine | Entered Section 7 55736 | -2/Section 7 | Loaded intel: 141 machine locations 55741 | -2/Section 7 | Scanned by Researcher 55748 | -2/Section 7 | Found Alien Artifact 55748 | -2/Section 7 | Identified Microwarp Drive 55788 | -2/Section 7 | Found Alien Artifact 55788 | -2/Section 7 | Identified Core Reset Matrix 55788 | -2/Section 7 | Used Core Reset Matrix 55792 | -2/Section 7 | Sensed 25 artifacts in vicinity 55824 | -2/Section 7 | Spotted S7 Guard 55832 | -2/Section 7 | Found Core Membrane 55832 | -2/Section 7 | Installed Core Membrane, gained immunity to corruption 55898 | -2/Section 7 | Intercept squad dispatched 55910 | -2/Section 7 | Spotted Tracker 55912 | -2/Section 7 | Spotted Tracker 55920 | -2/Section 7 | Core integrity fell below 20% 55927 | -2/Section 7 | Used Terrabomb 55928 | -2/Section 7 | Core destroyed Last Messages --------------- 55921_ Microwarped (distance 2). 55922_ Q-thruster destroyed. 55922_ Core Membrane filtered system corruption (1). 55922_ Mic. Antimatter Reactor destroyed. 55922_ Knocked back. 55922_ Microwarped (distance 4). 55924_ Field Propulsion Array destroyed. 55924_ Microwarped (distance 7). 55925_ Slug penetrates Cloning Tubes. 55925_ Adv. Quantum Shading Machine destroyed. 55925_ Acquired 87 matter. 55925_ Microwarped (distance 2). 55925_ P-80 Master resets S7 Guard, system corruption cleaned. 55926_ Microwarped (distance 12). 55927_ Terrabomb activated. 55927_ Terminal disabled. 55927_ O-24 Administrator: "IFF HANDSHAKE FAILED. SECURING TERMINAL." 55928_ Penetrated by Slug. 55928_ Imp. Hacking Suite destroyed. 55928_ Microwarped (distance 8). Map ----- +----------------------------------------------------+ | ?????????????????????????????????????????????????? | | ?????????????????????????????????????????????????? | | ?????????????????????????????????????????????????? | | ?????????????????????????????????????????????????? | | ?????????????????????????????????????????????????? | | ######???????????????????????????????????????????? | | ! #???????????????????????????????????????????? | | #???????????????????????????????????????????? | | #???????????????????????????????????????????? | | #???????????????????????????????????????????? | | [[ #????????????????? ??? ? ?????????????? | | [ #???????????????? ?""?????????????? | | #???????????????? ?!!?????????????? | | #??????????????? ;!!?????????????? | | ######?##+#????????? ;! ?????? " ????? | | ???????# #????????? ; ???? " ????? | | ######?# #????????? ;;;";;;; "" "" " ???? | | #?# #???????? ; # ""T"" " ???? | | #?# #??????? ; ";;;;; """ / ??? | | ### ###???? ; ; ; " ??? | | """ # #???;;;;;;;;;;;#;; ;;;;;;""""" ??? | | " " # !#???? ; " ?? | | """ + #???? ; " ?? | | #^ #???? " """ ; " ? | | # #????? " " " ;;;;;; ;;;;;""" "? | | ###### #????? " """@ ; ; ; "? | | "## ###????? ""c + ; ; "? | | ?? #?# ####### " """ ; """ "? | | ??# + ; " "!" ; T" ?? | | ? ??## # ; " """ ; "; """""""?? | | ####+### " ; ; ;;; " """??? | | " # ; ;;; " " ???? | | ### #######? ; + ???? | | # ###### #??######;;;;;;#;;;; p " "???? | | # #? #;"";; ; ; " "!??? | | # #? #?? ; ; " ????? | | / # #???;;";;;;;;;p;;; # ????? | | """ # # #??? ; % Y " #???????? | | """S"??# + #??? ?;=/= ss " #???????? | | """????# # #???? ?;=*= " " #???????? | | ???????# # #???? ?;===! " + #???????? | | ???????# #? #?????## % """ # #???????# | | ?????### #? #?????# """ # #??????? | | ?????#"" #??#######?????## = """ #### #?????? " | | ?????#T #???????????????# #??#!####### " | | ?????### #########???##################=! + " | | ???????# =##### # | | ######## #########???######## #########!#???# # | | "" ## #???????????????####+######?##!#####+### | | "" ## #???????????????# ### # # | +----------------------------------------------------+ Best States ------------- Heat Dissipation 95 Coolant Potential 100 Energy Generation 61 Energy Capacity 1825 Matter Stores 300 Matter Capacity 300 Sight Range 22 Robot Scan Range 20 Terrain Scan Range 24 Terrain Scan Density 210 ECM Strength 1 Jamming Range 16 Cloak Strength 3 Additional Mass Support 25 Corruption Containment 8 Armor Coverage 1350 Resistance: KI 30 Resistance: TH 20 Weapon Shielding 100 Phase Shifting 10 Evasion (%) 75 Targeting Accuracy 20 Target Analysis 8 Core Analysis 6 Armor Integrity Analysis 40 Recoil Reduction 4 Energy Filtering 50 Offensive Hacking 22 Defensive Hacking 24 Item Schematics ----------------- None Robot Schematics ------------------ None Fabricated ------------ Nothing Alien Tech Used ----------------- Dimensional Node Initializer Integrated Dissipator Transdimensional Reconstructor Terrabomb High-powered Transdimensional Reconstructor Subatomic Replicator Sigix Broadsword Microwarp Drive Core Reset Matrix Core Membrane Achievements -------------- Collateral Damage Nope Signature Confirmed Challenges ------------ None Game ------ Seed MissileMyomerSuite Manual? 0 Play Time 05:22:59 Cumulative 98.7 hours Start 2024.09.17 @ 14:43:37 End 2024.09.17 @ 21:13:45 Sessions 5 Manual Loads 0 Difficulty Rogue Special Mode None Game No. 54 Rogue 54 Adventurer 0 Explorer 0 Win Type - Total 0 Types 0/0/0/0/0/0/0/0/0 Lore% 47 Gallery% 63 Achievement% 53 Wizard Run 0 Options --------- Layout 0 ASCII 0 Keyboard 0 Movement Mouse Keybinds 0 Fullscreen 1 Font 24/Smallcaps Map View 183x50 Zoom Use 0% Tactical HUD 1 Map Filters NONE Filters NONE Steam 0 RUN: 91f782e0-5210-4c46-80e2-02e566496cd0